 Dungeon Crawl Stone Soup version 0.19-a0-517-gd6a9987 (webtiles) character file.

5985009 nubinia the Archmage (level 27, 153/153 HPs)
             Began as a Deep Elf Venom Mage on May 30, 2016.
             Was the Champion of Zin.
             Escaped with the Orb
             ... and 11 runes on June 6, 2016!
             The game lasted 1 day 03:40:41 (167338 turns).

nubinia the Archmage (Deep Elf Venom Mage)    Turns: 167338, Time: 1 , 03:40:42

Health: 153/153    AC: 23    Str:  5      XL:     27
Magic:  56/56      EV: 38    Int: 30 (32) God:    Zin [******]
Gold:   2751       SH: 22    Dex: 30      Spells: 19 memorised, 0 levels left

rFire  + . .     SeeInvis +     a - +11 dagger "Panets" {freeze, rC+ Str-3 Stlth+}
rCold  + . .     Gourm    .     B - +1 robe of the Thirsty Wars {Str+3 Slay+3 Stlth+}
rNeg   + . .     Faith    .     R - +1 large shield {AC+3}
rPois  .         Spirit   .     N - +5 hat of Sif Muna's Pride {rElec Int+4 Dex+2 Slay+3}
rElec  +         Dismiss  .     I - +2 cloak of Amorality {Int+3}
rCorr  .         Reflect  .     J - +3 pair of gauntlets of War {Slay+5}
SustAt .         Harm     .     j - +2 pair of boots {Stlth+}
MR     ++++.     Rnd*Rage +     m - amulet of Ycwurr {RegenMP MR+ Int-2 Dex+2}
Stlth  +++++.....               P - ring of Nicrodio {MR+ Slay+3 SInv}
                                E - ring of Geumn {rF+ rN+ Stlth+}

@: delayed fireball, deflect missiles, incredibly resistant to hostile
enchantments, quite stealthy
A: horns 2, thin metallic scales 1, thin skeletal structure 1, agile 1, berserk
1, mutation resistance 1
a: Recite, Vitalisation, Imprison, Sanctuary, Donate Gold, Cure All Mutations,
Renounce Religion, Release Delayed Fireball
0: Orb of Zot
}: 11/15 runes: barnacled, slimy, silver, golden, abyssal, demonic, glowing,
magical, fiery, dark, gossamer


You escaped.
You worshipped Zin.
Zin was exalted by your worship.
You were very hungry.

You visited 16 branches of the dungeon, and saw 73 of its levels.
You visited Pandemonium 8 times, and saw 34 of its levels.
You visited the Abyss 47 times.
You visited 1 bazaar.
You visited 2 ziggurats, and saw 20 of their levels (deepest: 11).
You also visited: Trove, Bailey and Wizlab.

You collected 16770 gold pieces.
You spent 3639 gold pieces at shops.
You donated 10380 gold pieces to Zin.

Inventory:

Hand Weapons
 a - the +11 dagger "Panets" (weapon) {freeze, rC+ Str-3 Stlth+}
   (You found it on level 4 of the Lair of Beasts)

   It has been specially enchanted to freeze those struck by it, causing extra
   injury to most foes and up to half again as much damage against particularly
   susceptible opponents.
   It can also slow down cold-blooded creatures.
   It affects your strength (-3).
   It protects you from cold.
   It makes you more stealthy.
 b - a +9 rapier of protection
 D - the +8 dagger of Forced Transition {pierce, rN+ Int-2 Dex+3 Stlth+}
   (You found it on level 4 of the Shoals)

   It inflicts extra damage upon your enemies.
   It affects your intelligence (-2).
   It affects your dexterity (+3).
   It protects you from negative energy.
   It makes you more stealthy.
 V - the +9 falchion "Gaoleudgh" {speed, rC++}
   (You found it in Pandemonium)

   Attacks with this weapon are significantly faster.
   It greatly protects you from cold.
 Z - the +6 dagger of Taxation {freeze, rPois rC+ Str+2 Dex+4}
   (You found it on level 4 of the Realm of Zot)

   It has been specially enchanted to freeze those struck by it, causing extra
   injury to most foes and up to half again as much damage against particularly
   susceptible opponents.
   It can also slow down cold-blooded creatures.
   It affects your strength (+2).
   It affects your dexterity (+4).
   It protects you from cold.
   It protects you from poison.
Armour
 j - a +2 pair of boots of stealth (worn)
 n - the +0 pair of boots of Elyvilon's Castigation {rF+ Str+4}
   (You found it on level 5 of the Vaults)

   It affects your strength (+4).
   It protects you from fire.
 B - the +1 robe of the Thirsty Wars (worn) {Str+3 Slay+3 Stlth+}
   (You found it on level 3 of the Crypt)

   It affects your strength (+3).
   It affects your accuracy and damage with ranged weapons and melee attacks
   (+3).
   It makes you more stealthy.
 I - the +2 cloak of Amorality (worn) {Int+3}
   (You found it on level 5 of the Vaults)

   It affects your intelligence (+3).
 J - the +3 pair of gauntlets of War (worn) {Slay+5}
   (You found it on level 3 of the Tomb of the Ancients)

   It affects your accuracy and damage with ranged weapons and melee attacks
   (+5).
 N - the +5 hat of Sif Muna's Pride (worn) {rElec Int+4 Dex+2 Slay+3}
   (You found it on level 9 of the Dungeon)

   It affects your intelligence (+4).
   It affects your dexterity (+2).
   It affects your accuracy and damage with ranged weapons and melee attacks
   (+3).
   It insulates you from electricity.
 R - a +1 large shield of protection (worn)
 T - the cursed +0 pair of boots of Summertime {rN+ Str+2}
   (You found it in Pandemonium)

   It affects your strength (+2).
   It protects you from negative energy.
   It has a curse placed upon it.
Jewellery
 f - the ring "Teuhec" {rPois Str+4 Dex+5}
   (You found it on level 1 of the Abyss)

   [ring of poison resistance]

   It affects your strength (+4).
   It affects your dexterity (+5).
   It protects you from poison.
 k - the ring of Wuvuwn {rC+ rN++}
   (You found it on level 6 of a ziggurat)

   [ring of protection from cold]

   It protects you from cold.
   It greatly protects you from negative energy.
 m - the amulet of Ycwurr (around neck) {RegenMP MR+ Int-2 Dex+2}
   (You found it on level 6 of the Pits of Slime)

   [amulet of magic regeneration]

   It increases your magic regeneration.
   It affects your intelligence (-2).
   It affects your dexterity (+2).
   It affects your resistance to hostile enchantments.
 r - the amulet "Voqit" {Dismiss +Blink Str-2 Dex+4}
   (You found it on level 2 of a ziggurat)

   [amulet of dismissal]

   It may teleport away creatures that harm you.
   It affects your strength (-2).
   It affects your dexterity (+4).
   It lets you blink.
 A - the ring "Itown" {rPois EV+3 Str+3 Int+4}
   (You took it off a deep elf death mage on level 3 of the Elven Halls)

   [ring of evasion]

   It affects your evasion (+3).
   It affects your strength (+3).
   It affects your intelligence (+4).
   It protects you from poison.
 E - the ring of Geumn (left hand) {rF+ rN+ Stlth+}
   (You took it off a hell knight on level 3 of the Crypt)

   [ring of positive energy]

   It protects you from fire.
   It protects you from negative energy.
   It makes you more stealthy.
 H - the ring "Ruypunuc" {+Blink +Fly rF+ Dex+2}
   (You found it on level 10 of a ziggurat)

   [ring of flight]

   It affects your dexterity (+2).
   It protects you from fire.
   It lets you fly.
   It lets you blink.
 K - the ring of Dytawa {+Blink +Fly rN+ Dex+5}
   (You bought it in a shop on level 1 of the Shoals)

   [ring of flight]

   It affects your dexterity (+5).
   It protects you from negative energy.
   It lets you fly.
   It lets you blink.
 L - the ring of Robustness {AC+8}
   (You took it off a deep elf sorcerer on level 3 of the Elven Halls)

   [ring of protection]

   It affects your AC (+8).
 P - the ring of Nicrodio (right hand) {MR+ Slay+3 SInv}
   (You found it on level 6 of a ziggurat)

   [ring of see invisible]

   It affects your accuracy and damage with ranged weapons and melee attacks
   (+3).
   It affects your resistance to hostile enchantments.
   It lets you see invisible.
Wands
 Q - a wand of acid (9/15)
 U - a wand of iceblast (10/15)
 W - a wand of hasting (3/9)
 X - a wand of disintegration (4/24)
Scrolls
 d - 11 scrolls of identify
 e - 40 scrolls of remove curse
 i - 16 scrolls of teleportation
 l - 5 scrolls of summoning
 q - 8 scrolls of recharging
 u - 6 scrolls of magic mapping
 w - 5 scrolls of fear
 y - 13 scrolls of fog
 F - 4 scrolls of blinking
Potions
 h - 2 potions of cancellation
 o - 4 potions of magic
 s - 5 potions of heal wounds
 t - 6 potions of resistance
 v - 11 potions of agility
 z - 19 potions of curing
 C - 2 potions of might
 O - 6 potions of haste
Miscellaneous
 g - a fan of gales
 p - 7 phantom mirrors
 x - a sack of spiders
 G - a lamp of fire
 S - a phial of floods
Comestibles
 c - 20 bread rations


   Skills:
 + Level 10.5 Fighting
 + Level 18.0 Short Blades
 - Level 0.5(11.2) Long Blades
   Level 0.2 Maces & Flails
 + Level 26.4 Dodging
 O Level 27 Stealth
 + Level 19.7 Shields
 O Level 27 Spellcasting
 + Level 26.5 Conjurations
   Level 5.0 Hexes
 + Level 15.1 Charms
 + Level 10.3 Summonings
   Level 15.3 Necromancy
 + Level 16.1 Translocations
 + Level 11.0 Fire Magic
 + Level 7.2 Ice Magic
 + Level 20.0 Air Magic
 - Level 5.0 Poison Magic
 + Level 18.0 Invocations
 + Level 3.4 Evocations


You couldn't memorise any spells.
You knew the following spells:

 Your Spells              Type           Power        Failure   Level  Hunger
a - Airstrike             Air            ########..   0%          4    None
b - Iskenderun's Mystic   Conj           ########     0%          4    None
c - Mephitic Cloud        Conj/Pois/Air  #######.     0%          3    None
d - Bolt of Fire          Conj/Fire      ########..   1%          6    None
e - Bolt of Cold          Conj/Ice       #######...   1%          6    None
f - Force Lance           Conj/Tloc      ########     0%          4    None
g - Shroud of Golubria    Chrm/Tloc      #######...   0%          2    None
h - Shadow Creatures      Summ           N/A          2%          6    None
i - Iskenderun's Battles  Conj/Chrm      ########     0%          5    None
j - Deflect Missiles      Chrm/Air       #######...   1%          6    None
k - Apportation           Tloc           #######...   0%          1    None
l - Summon Lightning Spi  Summ/Air       #######.     1%          4    None
m - Spellforged Servitor  Conj/Summ      ########..   1%          7    None
n - Dispersal             Tloc           #######...   1%          6    None
o - Ozocubu's Armour      Chrm/Ice       #######.     1%          3    None
p - Sticky Flame          Conj/Fire      ########     0%          4    None
q - Delayed Fireball      Conj/Fire      N/A          1%          7    None
r - Fireball              Conj/Fire      ########..   0%          5    None
s - Swiftness             Chrm/Air       #######.     0%          2    None


Dungeon Overview and Level Annotations

Branches:
Dungeon (15/15)            Temple (1/1) D:5            Lair (8/8) D:10
 Shoals (4/4) Lair:3       Spider (4/4) Lair:5        Slime (6/6) Lair:6
    Orc (2/2) D:9             Elf (3/3) Orc:2        Vaults (5/5) D:13
  Crypt (3/3) Vaults:3       Tomb (3/3) Crypt:3      Depths (5/5) D:15
   Hell (1/1)                 Dis (7/7) Hell            Geh (0/7) Hell
    Coc (0/7) Hell            Tar (1/7) Hell            Zot (5/5) Depths:5

Altars:
Ashenzari
Cheibriados
Dithmenos
Elyvilon
Fedhas
Hepliaklqana
Kikubaaqudgha
Makhleb
Nemelex Xobeh
Okawaru
Pakellas
Qazlal
Ru
Sif Muna
Trog
Uskayaw
Vehumet
Xom
Yredelemnul
Zin
The Shining One
Beogh
Jiyva

Shops:
D:8 *   D:13 *   Orc:2 ([:*[   Elf:2 :   Shoals:1 =:}:   Shoals:3 %
Depths:3 :

Portals:
Hell: Depths:1 Depths:2 Depths:3 Depths:4 Depths:5
Abyss: Depths:3 Depths:4 Depths:5
Pandemonium: Depths:1 Depths:3 Depths:5

Annotations:
Dis:7 Serpent of Hell; no0bjke's ghost, legendary MiFi


Innate Abilities, Weirdness & Mutations

You have a pair of horns on your head.
You are partially covered in thin metallic scales. (AC +2)
You have a somewhat thin skeletal structure. (Dex +2, Stealth)
You are agile. (Dex +2)
You tend to lose your temper in combat.
You are somewhat resistant to further mutation.


Message History

(H) Hell (I) Dis (G) Gehenna (X) Cocytus (Y) Tartarus (Z) Zot
Where to? (Enter - D:1, ? - help) Luemuuf comes into view.
A red devil comes into view. It is wielding a trident.
There is a stone staircase leading up here.
You climb upwards.
There is a stone staircase leading down here.
(D) Dungeon (T) Temple (L) Lair (A) Shoals (N) Spider Nest (M) Slime Pits (O) Orcish Mines (E) Elven Halls (V) Vaults (C) Crypt (W) Tomb (U) Depths (H) Hell (I) Dis (G) Gehenna (X) Cocytus (Y) Tartarus (Z) Zot
Where to? (Enter - D:1, ? - help) You're already here!
Magic restored.
There is a staircase leading out of the dungeon here.
You can't go down here!
You are feeling very hungry.
You have escaped!

####.#.#.#................##...#
#.#.#.#.####...........###.##
#.#.#.#....).........#.....###
#.#.#.##############......###.
#.#.♣.♣.......................
#.#.♣.♣#############......###.
#...♣.♣.....#.# #......# ##
#(##♣.♣####.#.# #......#
#.#.♣.♣...#.#@# #......#
#.#.♣.♣...#.#.# ###.#########
#.#.......#.#.####............
#.#.......#...................
#.#.......########............
#.#.......# ####.#............
#.#.......# #....#.......>....
#[........# #.##.#############
###.......###.##.#


There were no monsters in sight!

Vanquished Creatures
  A pandemonium lord (Pan)
  the Royal Jelly (Slime:6)
  7 ancient liches
  An orb of fire (Zot:5)
  2 juggernauts
  30 greater mummies
  Boris (twice) (Vaults:3 Vaults:5)
  3 curse toes
  5 caustic shrikes (Depths:2)
  Geryon (Hell)
  2 Killer Klowns
  9 golden dragons
  3 iron giants
  2 Tzitzimimeh (Pan)
  6 bone dragons
  2 Brimstone Fiends (Pan)
  2 hellephants
  15 tentacled monstrosities
  A Hell Sentinel (Pan)
  3 electric golems
  4 Ice Fiends
  9 liches
  7 titans
  A deep elf blademaster (Elf:3)
  Asterion (Spider:3)
  16 Orb Guardians (Zot:5)
  11 acid blobs
  3 deep elf master archers (Elf:3)
  A quicksilver dragon (Vaults:4)
  21 Executioners
  Frances (Elf:1)
  A thorn hunter (Zig:11)
  Gastronok (D:9)
  11 ancient champions
  Kirke (D:15)
  7 shadow dragons
  8 sphinxes
  4 death cobs
  13 tentacled starspawn (Abyss:1)
  5 tengu reavers
  8 fire giants
  14 storm dragons
  11 azure jellies
  8 revenants
  7 draconian monks
  Ilsuiw (Shoals:3)
  Maud (Lair:7)
  An orc warlord (Zig:7)
  13 draconian knights
  3 draconian scorchers
  6 deep elf sorcerers
  Donald (Crypt:2)
  17 balrugs
  3 iron dragons
  12 vault wardens
  6 ghost moths
  2 juggernaut zombies
  12 frost giants
  30 cacodemons
  33 very ugly things
  9 draconian shifters
  9 deep elf elementalists
  11 ghouls
  5 warmongers (Pan)
  8 emperor scorpions
  12 ironheart preservers
  24 stone giants
  Louise (Spider:1)
  5 curse skulls
  7 draconian zealots
  17 reapers
  8 draconian annihilators
  3 draconian callers
  5 spriggan defenders
  9 war gargoyles
  7 deep elf demonologists
  9 vampire knights
  10 blood saints (Pan)
  6 bennus
  2 corrupters (Pan)
  15 purple draconians
  10 green draconians
  7 red draconians
  12 white draconians
  10 black draconians
  15 lorocyprocas (Pan)
  5 black suns (Pan)
  7 yellow draconians
  A dire elephant (Lair:5)
  3 chaos champions (Pan)
  8 deep elf annihilators
  14 mottled draconians
  12 deep elf death magi
  24 ettins
  21 green deaths
  6 eidola
  8 spark wasps
  4 death oozes (Slime:6)
  33 mummy priests
  4 jiangshi
  6 merfolk javelineers (Shoals:4)
  4 crystal guardians
  38 blizzard demons
  3 quicksilver dragon zombies
  27 vault guards
  6 deep elf high priests
  20 yaktaur captains
  3 quicksilver dragon skeletons
  4 merfolk impalers (Shoals:4)
  A great orb of eyes (shapeshifter) (Depths:5)
  21 fire dragons
  11 entropy weavers
  13 great orbs of eyes
  5 ogre magi
  17 ice dragons
  Harold (Lair:3)
  A hydra (shapeshifter) (Zig:6)
  2 hell beasts
  9 rakshasas
  6 merfolk avatars
  A ghost crab (shapeshifter) (Zig:7)
  10 monstrous demonspawn (Pan)
  2 catoblepae
  4 spriggan air magi
  9 hydras
  3 alligator snapping turtles (Shoals:4)
  5 death knights
  7 centaur warriors
  A merfolk aquamancer (Shoals:4)
  42 dancing weapons
  An alligator (Zig:1)
  6 vampire magi
  9 deep troll earth magi
  12 hell hogs
  2 satyrs (Shoals:4)
  14 thrashing horrors
  8 death yaks
  Urug (D:13)
  16 deep troll shamans
  4 tengu warriors
  5 titan zombies
  A storm dragon zombie (Tomb:3)
  9 spriggan berserkers
  27 deep elf knights
  7 orc high priests
  Sonja (Lair:2)
  2 fire crabs
  19 soul eaters
  39 sun demons
  5 iron trolls
  8 shadow wraiths
  A fire crab (shapeshifter) (Depths:4)
  25 wretched stars
  2 iron golems (Hell)
  3 titan skeletons
  33 death scarabs
  18 hell knights
  The ghost of Yehuk the Thaumaturge, a novice DECj of Vehumet (Bailey)
  9 gelid demonspawn (Pan)
  75 skeletal warriors
  9 sea snakes
  A spriggan druid (Zig:11)
  6 unseen horrors
  3 golden dragon zombies
  8 shadow demons
  7 infernal demonspawn (Pan)
  2 anaconda zombies (Hell)
  28 deep trolls
  A shambling mangrove (Zig:11)
  2 naga ritualists (Zig:9)
  6 giant orange brains
  5 torturous demonspawn
  13 hill giants
  8 putrid demonspawn (Pan)
  8 spatial maelstroms
  8 flayed ghosts
  A kraken simulacrum (Shoals:4)
  An orange crystal statue (Zot:5)
  A shadow dragon zombie (Crypt:1)
  A golden dragon skeleton (Abyss:1)
  An obsidian statue (Zot:5)
  17 deep elf archers
  14 harpies
  25 anubis guards
  16 necromancers
  13 phantasmal warriors
  3 anaconda skeletons
  2 anubis guards (shapeshifter)
  A harpy (shapeshifter) (Vaults:2)
  8 wizards
  A mana viper (Abyss:1)
  An iron dragon zombie (Depths:1)
  16 orc knights
  5 wolf spider zombies
  19 orb spiders
  21 ironbrand convokers
  5 frost giant zombies
  A mana viper (shapeshifter) (Zig:4)
  8 orc sorcerers
  90 deep elf magi
  3 oklob plants (Lair:6)
  46 ugly things
  8 cyclopes
  A stone giant zombie (Zig:5)
  A sphinx zombie (Depths:3)
  32 wolf spiders
  6 hornets
  7 manticores
  A shining eye (shapeshifter) (Zig:6)
  8 shining eyes
  2 fire giant zombies
  36 sixfirhies
  4 shadow dragon skeletons
  2 shock serpent zombies
  2 frost giant skeletons
  A tengu skeleton (Depths:2)
  26 moths of wrath
  2 salamanders (Depths:3)
  4 griffons
  A spectral centaur (D:12)
  8 worldbinders
  2 elf zombies
  3 centaur zombies
  A guardian serpent (shapeshifter) (Vaults:2)
  Maurice (D:13)
  42 elephants
  3 human skeletons
  9 sirens
  2 dire elephant zombies
  15 vault sentinels
  Joseph (D:7)
  2 stone giant skeletons
  30 rust devils
  74 smoke demons
  3 fire giant skeletons
  5 black mambas
  3 eyes of devastation
  2 water nymphs
  A naga mage (Abyss:2)
  41 orange demons
  2 ice statues
  An elf skeleton (Vaults:5)
  A catoblepas zombie (Dis:2)
  3 gargoyles
  3 torpor snails
  6 apocalypse crabs
  2 guardian serpents
  A storm dragon simulacrum (Crypt:1)
  3 centaur skeletons
  2 dire elephant skeletons
  12 spiny frogs
  5 human zombies
  7 rime drakes
  58 yaktaurs
  9 efreet
  4 kobold demonologists
  2 komodo dragons (shapeshifter)
  15 hellions
  A grey draconian skeleton (Crypt:1)
  15 tormentors
  An anaconda simulacrum (Hell)
  11 komodo dragons
  10 freezing wraiths
  8 tengu conjurers
  A yaktaur skeleton (Vaults:5)
  21 ice devils
  3 redback zombies (Spider:1)
  4 hydra zombies
  11 ancient zymes
  2 harpy zombies
  33 demonic crawlers
  2 silent spectres
  A merfolk (shapeshifter) (Vaults:1)
  40 hellwings
  23 red devils
  A catoblepas skeleton (Crypt:2)
  47 guardian mummies
  A queen bee (shapeshifter) (Abyss:1)
  15 merfolk
  10 trolls
  A giant leech (shapeshifter) (Vaults:2)
  29 jumping spiders
  2 polar bears (Lair:8)
  72 slime creatures
  2 harpy skeletons (Pan)
  Prince Ribbit (D:7)
  92 large abominations
  A two-headed ogre (shapeshifter) (Zig:6)
  2 hydra skeletons (Abyss:1)
  13 two-headed ogres
  2 wind drakes (Shoals:4)
  A wind drake (shapeshifter) (Vaults:3)
  A death drake skeleton (Crypt:2)
  A deep troll zombie (Hell)
  A jumping spider zombie (Spider:1)
  2 stone giant simulacra
  20 ushabtiu
  28 blink frogs
  An iron dragon simulacrum (Abyss:1)
  A bog body (Crypt:3)
  26 raiju
  2 ice dragon zombies
  13 boulder beetles
  3 ettin zombies
  8 snapping turtles
  A fire giant simulacrum (Tomb:2)
  2 ice dragon skeletons
  11 air elementals
  A frost giant simulacrum (Abyss:1)
  A spriggan zombie (Depths:3)
  7 water elementals
  A black mamba zombie (Abyss:1)
  13 spriggans
  3 fire dragon skeletons
  42 tarantellas
  81 flying skulls
  13 wraiths
  34 ynoxinuls
  93 redbacks
  2 hill giant zombies (WizLab)
  8 shadows
  A spriggan skeleton (Zig:5)
  The ghost of tstbtto the Skirmisher, an amateur MiCK of Xom (D:3)
  4 ettin skeletons
  10 fire elementals
  8 vampires
  A human (shapeshifter) (Depths:3)
  A human (D:15)
  4 fire bats
  A black mamba skeleton (Abyss:1)
  50 yaks
  6 hungry ghosts
  A golden eye (shapeshifter) (Abyss:4)
  A steam dragon (D:9)
  A basilisk (shapeshifter) (Depths:1)
  2 human simulacra
  27 chaos spawn
  A wyvern (Lair:3)
  7 basilisks
  40 neqoxecs
  17 vampire mosquitoes
  15 golden eyes
  2 hogs (D:15)
  13 hippogriffs
  A spriggan simulacrum (Depths:1)
  6 wargs
  A harpy simulacrum (D:14)
  4 spatial vortices (Abyss:1)
  A naga (Abyss:2)
  A merfolk zombie (Abyss:1)
  2 orb spider zombies (Spider:1)
  5 soldier ants
  12 water moccasins
  36 hell hounds
  17 porcupines
  A spiny frog zombie (Hell)
  7 sky beasts
  68 small abominations
  A swamp drake (Zig:11)
  4 giant eyeballs
  A snapping turtle zombie (Dis:2)
  A manticore zombie (Dis:7)
  5 ice beasts
  47 orc warriors
  7 black bears
  4 eyes of draining
  A spiny frog skeleton (Hell)
  A fire dragon simulacrum (Crypt:1)
  39 ogres
  6 phantoms
  14 wasps
  10 necrophages
  19 wolves
  15 centaurs
  2 manticore skeletons
  2 snapping turtle skeletons
  6 boggarts (Vaults:2)
  A swamp dragon skeleton (Abyss:2)
  20 crocodiles
  4 big kobolds
  18 giant frogs
  7 gnoll sergeants (Bailey)
  2 wyvern zombies (D:10)
  A komodo dragon skeleton (Crypt:2)
  6 earth elementals
  A water moccasin zombie (D:8)
  2 wyvern skeletons
  9 troll zombies (WizLab)
  12 scorpions
  8 killer bees
  11 howler monkeys
  25 wights
  10 electric eels
  7 crimson imps
  37 starcursed masses
  10 quasits
  8 hounds
  6 gnoll shamans
  A giant frog zombie (D:11)
  12 iguanas
  17 orc priests
  20 jellies
  17 iron imps
  A giant frog skeleton (Crypt:1)
  25 worker ants
  22 orc wizards
  A hell rat (shapeshifter) (Depths:2)
  2 hell rats (Lair:7)
  23 sheep
  8 ogre zombies (WizLab)
  2 tengu zombies
  A giant frog simulacrum (D:12)
  A hound zombie (D:7)
  2 hound skeletons
  61 mummies
  A hell rat zombie (Crypt:1)
  2 worker ant zombies
  Robin (D:3)
  20 gnolls
  A howler monkey skeleton (D:4)
  47 river rats
  8 adders
  5 shadow imps
  12 white imps
  12 ufetubi
  An ooze (D:2)
  A lava snake zombie (Crypt:1)
  4 adder skeletons
  2 adder zombies
  5 worms
  4 dart slugs
  5 giant geckos
  84 orcs
  6 giant cockroaches
  16 goblins
  10 hobgoblins
  12 jackals
  30 kobolds
  8 quokkas
  A ball python skeleton (D:4)
  9 bats
  A giant gecko skeleton (D:7)
  3 giant newts
  A goblin skeleton (Crypt:2)
  A kobold zombie (Crypt:3)
  2 orc skeletons (Pan)
  16 rats
  12 crawling corpses
  A fungus (Orc:2)
  6 lost souls
  2 lurking horrors (Abyss:1)
  3 pillars of salt
  A plant (Lair:3)
  11 starspawn tentacles (Abyss:1)
4655 creatures vanquished.

Vanquished Creatures (collateral kills)
  4 orbs of fire
  2 greater mummies (Tomb:1)
  Margery (Crypt:2)
  A Killer Klown (Zot:5)
  Saint Roka (Vaults:4)
  A golden dragon (Zot:2)
  Jory (Tomb:1)
  An iron giant (Zig:6)
  A bone dragon (Depths:5)
  Arachne (Spider:3)
  A lich (Tomb:1)
  Jorgrun (Depths:2)
  A pandemonium lord (Zig:7)
  A tentacled monstrosity (Zig:11)
  6 Orb Guardians
  2 titans (Vaults:4)
  4 acid blobs (Slime:6)
  A deep elf master archer (Elf:3)
  A sphinx (Tomb:1)
  A shadow dragon (Vaults:4)
  2 tengu reavers (Vaults:5)
  3 azure jellies (Slime:6)
  2 storm dragons
  A caustic shrike zombie (Zig:10)
  2 draconian knights (Zot:3)
  5 vault wardens
  A deep elf sorcerer (Elf:3)
  3 ghouls (Crypt:1)
  A cacodemon (Pan)
  A frost giant (Depths:3)
  A fire giant (Vaults:5)
  A draconian shifter (Depths:5)
  2 balrugs
  A warmonger (Pan)
  3 emperor scorpions
  The ghost of George the Fencer, a journeyman MiFi of the Shining One (Lair:8)
  A juggernaut zombie (Zig:10)
  A curse skull (Crypt:3)
  2 deep elf elementalists
  9 very ugly things
  An orc warlord (Orc:2)
  A draconian caller (Zot:3)
  An ironheart preserver (Vaults:5)
  2 war gargoyles
  A reaper (Zig:10)
  A chaos champion (Zig:6)
  7 stone giants
  A spark wasp (Zig:8)
  4 deep elf annihilators
  A purple draconian (Zot:3)
  Azrael (Spider:3)
  2 merfolk javelineers (Shoals:4)
  2 blizzard demons (Pan)
  A green death (Pan)
  2 ettins
  2 deep elf death magi (Elf:3)
  A merfolk impaler (Shoals:2)
  3 mummy priests
  7 vault guards
  A fire dragon (Zot:5)
  3 death oozes (Slime:6)
  A great orb of eyes (Depths:3)
  A rakshasa (Depths:3)
  A quicksilver dragon skeleton (Crypt:1)
  3 yaktaur captains (Vaults:5)
  2 ice dragons
  An ogre mage (Vaults:3)
  3 hydras (Zig:11)
  A deep elf high priest (Elf:3)
  An entropy weaver (Depths:4)
  An alligator (Zig:11)
  A deep troll shaman (Depths:2)
  2 death knights
  An alligator snapping turtle (Shoals:4)
  2 deep troll earth magi
  2 orc high priests (Zig:7)
  A naga sharpshooter (Zig:9)
  2 shock serpents (Zig:9)
  3 sun demons
  3 hell knights
  3 deep elf knights
  4 iron trolls
  A storm dragon skeleton (Vaults:5)
  2 small abominations
  A shadow wraith (Vaults:5)
  A salamander mystic (Zig:9)
  6 deep trolls
  9 skeletal warriors
  A death scarab (Tomb:2)
  An infernal demonspawn (Pan)
  A shadow demon (Pan)
  2 unseen horrors
  3 torturous demonspawn (Pan)
  A deep elf archer (Vaults:3)
  A putrid demonspawn (Pan)
  A sphinx zombie (Zig:10)
  2 anubis guards (Tomb:1)
  4 necromancers
  A phantasmal warrior (Vaults:2)
  A cyclops (D:15)
  2 orb spiders
  A frost giant zombie (Vaults:1)
  A tengu skeleton (Zig:10)
  A manticore (Shoals:2)
  An orc sorcerer (Vaults:5)
  5 deep elf magi
  4 griffons
  5 wolf spiders
  11 ugly things
  A fire giant skeleton (Crypt:3)
  3 rust devils
  5 vault sentinels
  2 frost giant skeletons
  A spriggan zombie (Depths:3)
  A black mamba (shapeshifter) (Vaults:1)
  A naga mage (Zig:9)
  3 elephants (Lair:8)
  6 orange demons
  11 yaktaurs
  2 smoke demons
  A centaur skeleton (D:12)
  2 spiny frogs
  A titan simulacrum (Depths:3)
  A tormentor (Zig:10)
  A freezing wraith (Vaults:2)
  A yaktaur skeleton (Vaults:1)
  2 guardian mummies (Tomb:1)
  An ice devil (Pan)
  A harpy zombie (Vaults:1)
  A red devil (Zig:10)
  A troll (D:15)
  A giant leech (Zig:11)
  A hydra zombie (Crypt:3)
  3 merfolk
  A wind drake (shapeshifter) (Vaults:4)
  3 jumping spiders
  A blink frog (Zig:11)
  4 slime creatures
  2 boulder beetles
  An ushabti (Tomb:1)
  A fire dragon zombie (Crypt:3)
  A bog body (Zig:11)
  2 starcursed masses (Abyss:1)
  13 redbacks
  6 tarantellas
  2 flying skulls (Tomb:1)
  2 air elementals
  3 large abominations
  A ynoxinul (Pan)
  5 yaks
  2 water elementals (Shoals:4)
  A wraith (Crypt:1)
  4 spriggans
  3 vampire mosquitoes
  3 chaos spawn
  2 wargs (Zig:7)
  A hydra simulacrum (Crypt:1)
  A hell hound (Spider:3)
  9 orc warriors
  4 wasps
  An elf zombie (Vaults:1)
  An ice beast (D:12)
  A snapping turtle zombie (Crypt:3)
  A necrophage (Crypt:1)
  6 ogres
  A human skeleton (Vaults:2)
  2 boggarts (Vaults:2)
  A wolf (shapeshifter) (Depths:2)
  A centaur (D:15)
  An orc skeleton (Vaults:1)
  A human zombie (Vaults:1)
  2 big kobolds (Vaults:2)
  An elf simulacrum (Vaults:1)
  A gnoll sergeant (Bailey)
  An ogre simulacrum (Vaults:1)
  A wyvern zombie (D:12)
  A scorpion (Spider:1)
  A killer bee (D:7)
  2 wights
  A warg skeleton (Crypt:1)
  2 giant frog zombies (D:12)
  A gnoll shaman (Bailey)
  2 jellies
  3 orc wizards
  4 orc priests
  A giant frog skeleton (D:12)
  2 iron imps (Zig:10)
  2 worker ants (Spider:1)
  A felid skeleton (Crypt:1)
  3 mummies
  A gnoll (Bailey)
  A white imp (Depths:3)
  23 orcs
  A jackal skeleton (Crypt:2)
  4 crawling corpses
  A fungus (Lair:7)
  3 plants
  A starspawn tentacle (Abyss:1)
446 creatures vanquished.

Vanquished Creatures (others)
  A lich (Tomb:2)
  A sphinx (shapeshifter) (Zig:7)
  An eldritch tentacle (Pan)
  2 draconian knights
  A draconian scorcher (Zot:3)
  A draconian zealot (Zot:1)
  A green draconian (Zot:3)
  A black draconian (Zot:1)
  A deep elf annihilator (Pan)
  A mottled draconian (Zot:3)
  A green death (Pan)
  A yaktaur captain (Depths:4)
  A rakshasa (Pan)
  A spriggan air mage (Depths:2)
  A hell beast (Pan)
  A dancing weapon (Dis:7)
  A deep elf knight (Elf:2)
  4 death scarabs (Tomb:2)
  An anubis guard (Tomb:3)
  4 deep elf archers
  An ugly thing (Vaults:3)
  A manticore (Shoals:2)
  A cyclops (Shoals:1)
  A moth of wrath (shapeshifter) (Zig:7)
  A moth of wrath (Zot:5)
  A centaur skeleton (D:15)
  A hellion (Pan)
  A yaktaur zombie (Hell)
  7 yaktaurs
  A guardian mummy (Tomb:2)
  A jumping spider (Spider:3)
  A hydra zombie (Tomb:2)
  A slime creature (Depths:3)
  16 flying skulls
  2 redbacks
  3 yaks (Lair:6)
  A tarantella (Spider:4)
  A human (D:15)
  2 golden eyes (Abyss:4)
  A large abomination (Abyss:1)
  2 centaurs
  A manticore skeleton (Tomb:2)
  An iron imp (Abyss:1)
  An ufetubus (Abyss:1)
  4 orcs
  A quokka (D:6)
  67 eldritch tentacle segments (Pan)
  41 fungi
  9 lost souls
  3 lurking horrors
  84 pillars of salt
  5 plants
  54 starspawn tentacles (Abyss:1)
  771 starspawn tentacle segments (Abyss:1)
  8 tentacles (Shoals:4)
  185 tentacle segments (Shoals:4)
1309 creatures vanquished.

Grand Total: 6410 creatures vanquished

Notes
Turn   | Place    | Note
--------------------------------------------------------------
     0 | D:1      | nubinia the Deep Elf Venom Mage began the quest for the Orb.
     0 | D:1      | Reached XP level 1. HP: 10/10 MP: 6/6
   258 | D:1      | Reached XP level 2. HP: 15/15 MP: 6/8
   298 | D:1      | Learned a level 2 spell: Cure Poison
   351 | D:1      | Reached skill level 5 in Poison Magic
  1184 | D:2      | Reached XP level 3. HP: 19/19 MP: 5/9
  1191 | D:2      | Learned a level 3 spell: Mephitic Cloud
  1434 | D:2      | Found a blossoming altar of Fedhas.
  1890 | D:2      | Reached skill level 1 in Conjurations
  2134 | D:2      | Reached XP level 4. HP: 24/24 MP: 7/11
  2475 | D:3      | Noticed Robin
  2674 | D:3      | Reached skill level 1 in Air Magic
  2902 | D:3      | Killed Robin
  2902 | D:3      | Reached XP level 5. HP: 28/28 MP: 1/12
  3310 | D:3      | Noticed tstbtto's ghost (amateur MiCK)
  3858 | D:3      | Found a bloodstained altar of Trog.
  3974 | D:4      | Reached XP level 6. HP: 32/32 MP: 8/14
  4377 | D:4      | Found a snail-covered altar of Cheibriados.
  4540 | D:4      | Reached skill level 5 in Stealth
  4781 | D:4      | Learned a level 4 spell: Olgreb's Toxic Radiance
  4797 | D:5      | Entered Level 5 of the Dungeon
  4808 | D:5      | Reached skill level 5 in Spellcasting
  4918 | D:5      | Noticed an ice beast
  5011 | D:5      | Reached XP level 7. HP: 25/36 MP: 13/16
  5204 | D:5      | Found a sacrificial altar of Ru.
  5265 | D:5      | Found a shimmering altar of Xom.
  5620 | D:5      | Found a staircase to the Ecumenical Temple.
  5626 | Temple   | Entered the Ecumenical Temple
  5654 | Temple   | Became a worshipper of Sif Muna the Loreminder
  6395 | D:5      | Found a hazy altar of Hepliaklqana.
  6923 | D:6      | Found a stormy altar of Qazlal.
  7188 | D:6      | Reached skill level 5 in Dodging
  7266 | D:6      | Found a hide-covered altar to Ukayaw.
  7266 | D:6      | Found a burning altar of Makhleb.
  7640 | D:4      | Reached skill level 1 in Short Blades
  7717 | D:6      | Reached XP level 8. HP: 42/42 MP: 16/18
  8080 | D:7      | Reached * piety under Sif Muna
  8081 | D:7      | Reached skill level 5 in Conjurations
  8421 | D:7      | Noticed Joseph
  8434 | D:7      | Killed Joseph
  8434 | D:7      | Reached ** piety under Sif Muna
  8434 | D:7      | Reached XP level 9. HP: 46/46 MP: 8/23
  8662 | D:7      | Noticed Prince Ribbit
  8677 | D:7      | Killed Prince Ribbit
  8677 | D:7      | Reached skill level 1 in Fighting
  9010 | D:7      | Found a sparkling altar of Nemelex Xobeh.
  9655 | D:8      | Found Amanil's General Store.
 10049 | D:8      | Reached skill level 10 in Spellcasting
 10065 | D:9      | Noticed Gastronok
 10067 | D:9      | Reached *** piety under Sif Muna
 10527 | D:9      | Found a staircase to the Orcish Mines.
 10629 | D:9      | Reached skill level 5 in Air Magic
 10644 | D:9      | Reached XP level 10. HP: 52/52 MP: 7/26
 10939 | D:9      | Got a steaming hat
 10950 | D:9      | Identified the +5 hat of Sif Muna's Pride {rElec Int+4 Dex+2 Slay+3} (You found it on level 9 of the Dungeon)
 11452 | D:9      | Found a glowing silver altar of Zin.
 11752 | D:10     | Entered Level 10 of the Dungeon
 11865 | D:10     | Reached **** piety under Sif Muna
 11994 | D:10     | Found a staircase to the Lair.
 12964 | Lair:1   | Entered Level 1 of the Lair of Beasts
 13070 | Lair:1   | Noticed a spiny frog
 13191 | Lair:1   | Noticed a spiny frog
 13682 | Lair:1   | Reached skill level 1 in Shields
 13971 | Lair:1   | Reached XP level 11. HP: 49/57 MP: 25/28
 14042 | Lair:1   | Reached ***** piety under Sif Muna
 14766 | Lair:2   | Noticed Sonja
 14830 | Lair:2   | Killed Sonja
 15712 | Lair:2   | Noticed a five-headed hydra
 16626 | Lair:3   | Reached ****** piety under Sif Muna
 16663 | Lair:3   | Reached XP level 12. HP: 58/64 MP: 21/31
 16823 | Lair:3   | Noticed Harold
 16839 | Lair:3   | Noticed a four-headed hydra
 16898 | Lair:3   | Received a gift from Sif Muna
 16903 | Lair:3   | Killed Harold
 16904 | Lair:3   | Identified Sif Muna's Compendium of Venom and Conjuration (Sif Muna gifted it to you on level 3 of the Lair of Beasts)
 16911 | Lair:3   | Learned a level 4 spell: Iskenderun's Mystic Blast
 16915 | Lair:3   | Learned a level 3 spell: Dazzling Spray
 17044 | Lair:3   | Learned a level 5 spell: Lightning Bolt
 17344 | Lair:3   | Reached skill level 10 in Stealth
 17528 | Lair:3   | Found a staircase to the Shoals.
 17704 | Lair:3   | Killed a four-headed hydra
 18036 | Lair:1   | Reached skill level 10 in Conjurations
 18314 | Lair:4   | Reached skill level 1 in Hexes
 18337 | Lair:4   | Got a pitted dagger
 18338 | Lair:4   | Identified the +11 dagger "Panets" {freeze, rC+ Str-3 Stlth+} (You found it on level 4 of the Lair of Beasts)
 18416 | Lair:4   | Reached skill level 15 in Spellcasting
 18436 | Lair:4   | Received a gift from Sif Muna
 18441 | Lair:4   | Identified Sif Muna's Compendium of Battle Magic (Sif Muna gifted it to you on level 4 of the Lair of Beasts)
 18448 | Lair:4   | Learned a level 5 spell: Iskenderun's Battlesphere
 18794 | Lair:4   | Noticed a five-headed hydra
 18807 | Lair:4   | Killed a five-headed hydra
 19479 | Lair:5   | Reached XP level 13. HP: 64/68 MP: 22/34
 19559 | Lair:5   | Found a hole to the Spider Nest.
 20147 | Lair:5   | Reached skill level 10 in Dodging
 20438 | Lair:5   | Noticed a dire elephant
 20465 | Lair:5   | Received a gift from Sif Muna
 20473 | Lair:5   | Learned a level 5 spell: Fireball
 20540 | Lair:5   | Reached skill level 1 in Charms
 20878 | Lair:5   | Killed a dire elephant
 21457 | Lair:6   | Reached skill level 1 in Invocations
 22420 | Lair:7   | Noticed Maud
 22427 | Lair:7   | Killed Maud
 22955 | Lair:7   | Reached XP level 14. HP: 65/74 MP: 28/36
 23290 | Lair:8   | Entered Level 8 of the Lair of Beasts
 23376 | Lair:7   | HP: 2/74 [yak (14)]
 24052 | Lair:8   | Noticed George's ghost (journeyman MiFi)
 24286 | Orc:1    | Entered Level 1 of the Orcish Mines
 24477 | Orc:1    | Noticed a stone giant
 24501 | Orc:1    | Killed a stone giant
 24501 | Orc:1    | Received a gift from Sif Muna
 24502 | Orc:1    | Identified Sif Muna's Advanced Spellcraft (Sif Muna gifted it to you on level 1 of the Orcish Mines)
 24736 | Orc:1    | Found a roughly hewn altar of Beogh.
 24913 | Orc:1    | Learned a level 6 spell: Deflect Missiles
 25187 | Orc:2    | Entered Level 2 of the Orcish Mines
 25187 | Orc:2    | Found Laoron's Antique Armour Shoppe.
 25839 | Orc:2    | Found Xuvugeir's General Store.
 26098 | Orc:2    | Noticed an orc warlord
 26106 | Orc:2    | Found Juzung's Armour Boutique.
 26146 | Orc:2    | Reached skill level 10 in Air Magic
 26188 | Orc:2    | Found Ypnuwib's Antique Weapon Emporium.
 26230 | Orc:2    | Found a staircase to the Elven Halls.
 26354 | Orc:2    | Killed an orc warlord
 26455 | Orc:2    | Found Qoub's Book Boutique.
 26483 | Orc:2    | Bought a pair of glowing gloves for 112 gold pieces
 26483 | Orc:2    | Bought a runed buckler for 112 gold pieces
 26526 | Orc:2    | Found a roughly hewn altar of Beogh.
 26791 | Orc:2    | Bought a wand of digging (7/24) for 220 gold pieces
 27167 | Shoals:1 | Entered Level 1 of the Shoals
 27167 | Shoals:1 | Found Tualaaha's Book Shoppe.
 27243 | Shoals:1 | Found Gatotato's Book Shoppe.
 27262 | Shoals:1 | Found a flickering gateway to a bazaar.
 27290 | Bazaar   | Entered a bazaar
 27292 | Bazaar   | Found Witigeut's Armour Boutique.
 27296 | Bazaar   | Found Dumem's Weapon Boutique.
 27296 | Bazaar   | Found Nuehuulit's Antique Armour Boutique.
 27297 | Bazaar   | Found Ipnogge's Antique Armour Boutique.
 27302 | Bazaar   | Bought a faintly glowing leather armour for 175 gold pieces
 27312 | Bazaar   | Identified the +4 leather armour of Toeb {rF- rC+ rCorr Str+4} (You bought it in a shop in a bazaar)
 27332 | Bazaar   | Bought a pair of jewelled boots for 266 gold pieces
 27337 | Bazaar   | Identified the +0 pair of boots "Letiyr" {rC+} (You bought it in a shop in a bazaar)
 27354 | Bazaar   | Bought an aquamarine-encrusted ring mail for 252 gold pieces
 27364 | Bazaar   | Identified the +3 ring mail of the Oligarchy {Int+3} (You bought it in a shop in a bazaar)
 27374 | Bazaar   | Bought a glowing leather armour for 56 gold pieces
 27399 | Bazaar   | Bought the +1 robe of Ru's Regard {*Confuse rElec rC+ rN+} for 328 gold pieces
 27814 | Shoals:1 | Found Xuom's Jewellery Shoppe.
 27844 | Shoals:1 | Found Zewi's Gadget Shoppe.
 28167 | Orc:2    | Bought a book of Cantrips for 240 gold pieces
 28169 | Orc:2    | Learned a level 1 spell: Animate Skeleton
 28171 | Orc:2    | Learned a level 1 spell: Apportation
 28531 | Shoals:2 | Upgraded the game from 0.19-a0-376-gf780d9b to 0.19-a0-414-g76fec5b
 28773 | Shoals:2 | Received a gift from Sif Muna
 28774 | Shoals:2 | Identified Sif Muna's Further Steps in Witchcraft (Sif Muna gifted it to you on level 2 of the Shoals)
 29190 | Shoals:3 | Reached XP level 15. HP: 78/78 MP: 33/38
 29410 | Shoals:3 | Found Raesuowk's Food Emporium.
 29585 | Shoals:4 | Entered Level 4 of the Shoals
 29753 | Shoals:4 | HP: 2/78 [merfolk javelineer/javelin (24)]
 30207 | Spider:1 | Entered Level 1 of the Spider Nest
 31234 | Lair:3   | Gained mutation: You are partially covered in thin metallic scales. (AC +2) [potion of mutation]
 31234 | Lair:3   | Gained mutation: You can translocate small distances at will. [potion of mutation]
 31234 | Lair:3   | Gained mutation: You have a pair of small horns on your head. [potion of mutation]
 31373 | Spider:1 | Learned a level 3 spell: Ozocubu's Armour
 31477 | Spider:1 | Noticed Louise
 31488 | Spider:1 | Killed Louise
 32222 | Shoals:1 | Bought the ring of Dytawa {+Blink +Fly rN+ Dex+5} for 554 gold pieces
 32456 | D:9      | Killed Gastronok
 32456 | D:9      | Received a gift from Sif Muna
 32527 | Elf:1    | Entered Level 1 of the Elven Halls
 32915 | Elf:1    | Reached skill level 5 in Invocations
 33034 | Elf:1    | Noticed Frances
 33070 | Elf:1    | Killed Frances
 33070 | Elf:1    | Reached skill level 1 in Necromancy
 33182 | Elf:1    | Identified Sif Muna's Almanac of the Escort (You found it on level 1 of the Elven Halls)
 33204 | Elf:1    | Learned a level 4 spell: Summon Lightning Spire
 33226 | Elf:1    | Reached XP level 16. HP: 67/84 MP: 22/41
 34067 | Elf:1    | Reached skill level 5 in Hexes
 34125 | Elf:2    | Found a huge runed gate.
 34126 | Elf:2    | Found a huge runed gate.
 34127 | Elf:2    | Found a huge runed gate.
 34128 | Elf:2    | Found a huge runed gate.
 34129 | Elf:2    | Found a huge runed gate.
 34310 | Elf:2    | Found Kyez's Book Shoppe.
 34884 | Elf:2    | Received a gift from Sif Muna
 34895 | Elf:2    | Reached skill level 5 in Short Blades
 34968 | Elf:2    | Identified Sif Muna's Catalogue of Creative Displacement (Sif Muna gifted it to you on level 2 of the Elven Halls)
 34974 | Elf:2    | Learned a level 4 spell: Force Lance
 34994 | Elf:2    | Learned a level 2 spell: Swiftness
 35472 | Elf:2    | Reached skill level 5 in Charms
 35640 | Elf:2    | Reached skill level 1 in Translocations
 36378 | Elf:3    | Entered Level 3 of the Elven Halls
 36538 | Elf:3    | Reached XP level 17. HP: 79/88 MP: 34/43
 36891 | Elf:3    | Reached skill level 15 in Conjurations
 36896 | Elf:3    | Received a gift from Sif Muna
 36924 | Elf:3    | Identified Sif Muna's Almanac of Damaging Air (Sif Muna gifted it to you on level 3 of the Elven Halls)
 36932 | Elf:3    | Learned a level 5 spell: Bolt of Draining
 37129 | Elf:3    | Noticed a Brimstone Fiend
 37152 | Elf:3    | Noticed a deep elf master archer
 37156 | Elf:3    | Killed a deep elf master archer
 37248 | Elf:3    | Noticed a deep elf master archer
 37801 | Elf:3    | Noticed a deep elf blademaster
 37807 | Elf:3    | Killed a deep elf blademaster
 38202 | Elf:3    | Noticed a deep elf master archer
 38416 | Elf:3    | Killed a deep elf master archer
 38416 | Elf:3    | Received a gift from Sif Muna
 38450 | Elf:3    | Learned a level 5 spell: Dispel Undead
 38473 | Elf:3    | Reached skill level 5 in Necromancy
 38861 | Elf:3    | Noticed a deep elf master archer
 38880 | Elf:3    | Killed a deep elf master archer
 38908 | Elf:3    | Killed a deep elf master archer
 39024 | Elf:3    | Got a serpentine lead ring
 39059 | Elf:3    | Reached XP level 18. HP: 95/95 MP: 33/45
 39068 | Elf:3    | Identified the ring "Itown" {rPois EV+3 Str+3 Int+4} (You took it off a deep elf death mage on level 3 of the Elven Halls)
 39188 | Elf:3    | Identified the Guide on the Voyage
 39225 | Elf:3    | Got a transparent ring mail
 39226 | Elf:3    | Identified the +0 ring mail "Wirof" {rF+ MR+ Slay-4} (You found it on level 3 of the Elven Halls)
 39848 | Shoals:4 | Noticed Ilsuiw
 39916 | Shoals:3 | Killed Ilsuiw
 40315 | Shoals:4 | Identified a +4 rod of clouds (13/13) (You took it off a deep elf mage on level 3 of the Elven Halls)
 40328 | Shoals:4 | Received a gift from Sif Muna
 40335 | Shoals:4 | Identified Sif Muna's Lost Secrets of Magic (Sif Muna gifted it to you on level 4 of the Shoals)
 40472 | Shoals:4 | Reached skill level 15 in Stealth
 40564 | Shoals:4 | Got a steaming dagger
 40695 | Shoals:4 | Reached skill level 1 in Evocations
 40983 | Lair:8   | Identified the +8 dagger of Forced Transition {pierce, rN+ Int-2 Dex+3 Stlth+} (You found it on level 4 of the Shoals)
 41325 | Lair:8   | Killed George's ghost
 42067 | Lair:8   | Upgraded the game from 0.19-a0-414-g76fec5b to 0.19-a0-450-g98b348d
 42449 | Shoals:4 | Got a barnacled rune of Zot
 43119 | Elf:3    | Got a warped demon trident
 43120 | Elf:3    | Identified the cursed +3 demon trident "Killer Klown's Peril" {vamp, rF- rN+ MP+9} (You found it on level 3 of the Elven Halls)
 43640 | D:11     | Found a shattered altar of Ashenzari.
 44231 | D:12     | Gained mutation: You have a somewhat thin skeletal structure. (Dex +2, Stealth) [potion of beneficial mutation]
 44897 | D:12     | Found an iron altar of Okawaru.
 45729 | D:13     | Found a flagged portal.
 45742 | Bailey   | Entered a bailey
 45878 | Bailey   | Noticed Yehuk's ghost (novice DECj)
 45891 | Bailey   | Killed Yehuk's ghost
 45939 | Bailey   | Got a heavily runed ivory ring
 45940 | Bailey   | Identified the ring "Poeraizauj" {rElec rC+} (You found it in a bailey)
 46405 | D:13     | Found Qyfuquoff's Demolitions Depot.
 46482 | D:13     | Noticed Urug
 46489 | D:13     | Killed Urug
 46662 | D:13     | Found a gate to the Vaults.
 46701 | D:13     | Noticed Maurice
 46713 | D:13     | Killed Maurice
 46718 | D:13     | Reached skill level 5 in Shields
 46795 | D:13     | Found a roughly hewn altar of Beogh.
 47094 | Vaults:1 | Entered Level 1 of the Vaults
 47210 | Vaults:1 | Reached XP level 19. HP: 100/100 MP: 47/47
 47214 | Vaults:1 | Reached skill level 1 in Summonings
 47242 | Vaults:1 | Received a gift from Sif Muna
 47270 | Vaults:1 | Identified Sif Muna's Incunabulum of Heat and Venom (Sif Muna gifted it to you on level 1 of the Vaults)
 47276 | Vaults:1 | Learned a level 4 spell: Sticky Flame
 47873 | Vaults:1 | Gained mutation: You have a pair of horns on your head. [potion of beneficial mutation]
 49940 | D:13     | Bought a manual of Conjurations for 1324 gold pieces
 50601 | Vaults:3 | Received a gift from Sif Muna
 50653 | Vaults:3 | Identified Sif Muna's Compendium of Harmful Evil Rites (Sif Muna gifted it to you on level 3 of the Vaults)
 50729 | Vaults:3 | Noticed Boris
 51078 | Vaults:3 | Found a staircase to the Crypt.
 51078 | Vaults:3 | Found a basalt altar of Yredelemnul.
 51079 | Vaults:3 | Found an ancient bone altar of Kikubaaqudgha.
 51142 | Vaults:3 | Received a gift from Sif Muna
 51501 | Vaults:3 | Reached XP level 20. HP: 104/104 MP: 25/49
 51677 | Vaults:3 | Learned a level 4 spell: Airstrike
 51759 | Vaults:3 | Received a gift from Sif Muna
 51760 | Vaults:3 | Identified Sif Muna's Catalogue of Attacks (Sif Muna gifted it to you on level 3 of the Vaults)
 51787 | Vaults:3 | Killed Boris
 54506 | Spider:3 | Noticed Azrael
 54897 | Spider:2 | Reached skill level 5 in Fighting
 55308 | Spider:3 | Noticed Arachne
 55396 | Spider:3 | Reached skill level 1 in Ice Magic
 55400 | Spider:3 | Killed Arachne
 55400 | Spider:3 | Received a gift from Sif Muna
 55410 | Spider:3 | Identified Leosch's Incunabulum of Confrontation (Sif Muna gifted it to you on level 3 of the Spider Nest)
 55413 | Spider:3 | Learned a level 1 spell: Shock
 55539 | Spider:3 | Killed Azrael
 55881 | Spider:3 | Noticed Asterion
 55928 | Spider:3 | Killed Asterion
 56568 | Spider:4 | Entered Level 4 of the Spider Nest
 57855 | Spider:4 | Reached XP level 21. HP: 70/110 MP: 45/50
 58285 | Spider:4 | Got a gossamer rune of Zot
 59123 | Crypt:1  | Entered Level 1 of the Crypt
 59895 | Crypt:1  | Reached skill level 10 in Necromancy
 60309 | Crypt:1  | Received a gift from Sif Muna
 60310 | Crypt:1  | Identified Sif Muna's Compendium of the Blaze and Augmentations (Sif Muna gifted it to you on level 1 of the Crypt)
 60315 | Crypt:1  | Learned a level 3 spell: Regeneration
 61014 | Crypt:1  | Upgraded the game from 0.19-a0-450-g98b348d to 0.19-a0-459-gb8ed64d
 62286 | Crypt:2  | Noticed Margery
 62292 | Crypt:2  | Killed Margery
 62549 | Crypt:2  | Noticed Donald
 62556 | Crypt:2  | Killed Donald
 63154 | Crypt:1  | Received a gift from Sif Muna
 63880 | Crypt:3  | Entered Level 3 of the Crypt
 64639 | Crypt:3  | Reached skill level 5 in Translocations
 64818 | Crypt:3  | Reached XP level 22. HP: 116/116 MP: 11/53
 64820 | Crypt:3  | Reached skill level 1 in Fire Magic
 64981 | Crypt:3  | Got a pitted lapis lazuli ring
 64982 | Crypt:3  | Identified the ring of Zaepry Yzet {*Drain rN+ Int+6} (You took it off a necromancer on level 3 of the Crypt)
 65218 | Crypt:3  | Noticed an ancient lich
 65396 | Crypt:3  | Killed an ancient lich
 65461 | Crypt:3  | Reached skill level 10 in Invocations
 65481 | Crypt:3  | Found an ancient bone altar of Kikubaaqudgha.
 65496 | Crypt:3  | Got a brightly glowing robe
 65497 | Crypt:3  | Identified the +1 robe of the Thirsty Wars {Str+3 Slay+3 Stlth+} (You found it on level 3 of the Crypt)
 65670 | Crypt:3  | Received a gift from Sif Muna
 65699 | Crypt:3  | Identified Sif Muna's Almanac of Burning Self-Knowledge (Sif Muna gifted it to you on level 3 of the Crypt)
 65795 | Crypt:3  | Got a faintly glowing wooden ring
 65796 | Crypt:3  | Identified the ring "Obauvuel" {+Inv rElec rC+ rN+} (You took it off a skeletal warrior on level 3 of the Crypt)
 65955 | Crypt:3  | Found a staircase to the Tomb.
 65976 | Crypt:3  | Got a clouded marble ring
 65977 | Crypt:3  | Identified the ring of Geumn {rF+ rN+ Stlth+} (You took it off a hell knight on level 3 of the Crypt)
 66765 | Vaults:4 | Found a snail-covered altar of Cheibriados.
 66765 | Vaults:4 | Noticed Saint Roka
 67095 | Vaults:4 | Found a portal to a secret trove of treasure.
 67202 | Vaults:4 | Reached skill level 10 in Shields
 67396 | Vaults:4 | Killed Saint Roka
 68923 | D:14     | Found a shadowy altar of Dithmenos.
 68958 | D:15     | Entered Level 15 of the Dungeon
 69051 | D:15     | Noticed Kirke
 69061 | D:15     | Killed Kirke
 69223 | D:15     | Reached XP level 23. HP: 119/120 MP: 50/54
 69296 | D:15     | Found a staircase to the Depths.
 69722 | Depths:1 | Entered Level 1 of the Depths
 69734 | Depths:1 | Found a gateway to Hell.
 69750 | Depths:1 | Found a magical portal.
 69767 | WizLab   | Entered Zonguldrok's Shrine
 70256 | WizLab   | Noticed an antique lich
 70260 | WizLab   | Killed an antique lich
 70854 | Depths:1 | Found a one-way gate leading to the halls of Pandemonium.
 71520 | Lair:3   | Learned a level 4 spell: Animate Dead
 71525 | Lair:3   | Learned a level 4 spell: Control Undead
 71532 | Lair:3   | Learned a level 6 spell: Death Channel
 71803 | Depths:2 | Noticed a caustic shrike
 71804 | Depths:2 | Noticed a caustic shrike
 71804 | Depths:2 | Noticed a caustic shrike
 71804 | Depths:2 | Noticed a caustic shrike
 71815 | Depths:2 | Killed a caustic shrike
 72296 | Vaults:4 | You paid a toll of a +4 fire dragon armour to enter a treasure trove
 72297 | Trove    | Entered a treasure trove
 72323 | Trove    | Identified Wiwussuj's Volume of Burning Cold
 72644 | Depths:2 | Upgraded the game from 0.19-a0-459-gb8ed64d to 0.19-a0-465-g1d1674b
 72701 | Depths:2 | Found a gateway to a ziggurat.
 73139 | Depths:2 | Noticed Jorgrun
 73255 | Depths:2 | Killed Jorgrun
 73258 | Depths:2 | Killed a caustic shrike
 73292 | Depths:2 | Noticed a caustic shrike
 73299 | Depths:2 | Killed a caustic shrike
 73299 | Depths:2 | Received a gift from Sif Muna
 73316 | Depths:2 | Killed a caustic shrike
 73326 | Depths:2 | Killed a caustic shrike
 73376 | Depths:2 | Identified Yhoifeots's Tome of Cold and Shape Shifting (Sif Muna gifted it to you on level 2 of the Depths)
 73498 | Depths:2 | Identified the Incunabulum of the Beekeeper
 74872 | Depths:3 | Found a sparkling altar of Nemelex Xobeh.
 74961 | Depths:3 | Found a one-way gate to the infinite horrors of the Abyss.
 75318 | Depths:3 | Reached XP level 24. HP: 125/125 MP: 32/55
 75334 | Depths:3 | Found Senefios's Book Boutique.
 75623 | Depths:3 | Received a gift from Sif Muna
 75679 | Depths:3 | Identified Sif Muna's Collected Works on Stones and Dark Secrets (Sif Muna gifted it to you on level 3 of the Depths)
 75826 | Depths:3 | Noticed a juggernaut
 75835 | Depths:3 | Killed a juggernaut
 76385 | Depths:3 | Reached skill level 10 in Short Blades
 77874 | Zig:1    | Entered Level 1 of a ziggurat
 77900 | Zig:2    | Entered Level 2 of a ziggurat
 77927 | Zig:3    | Entered Level 3 of a ziggurat
 78041 | Zig:4    | Entered Level 4 of a ziggurat
 78108 | Zig:5    | Entered Level 5 of a ziggurat
 78139 | Zig:5    | Got a crude blowgun
 78178 | Zig:5    | Learned a level 7 spell: Spellforged Servitor
 78226 | Zig:6    | Entered Level 6 of a ziggurat
 78264 | Zig:6    | Got a crystal battleaxe
 78265 | Zig:6    | Identified the +6 blowgun of the Volcano {evade, rF- Int+5 Dex-4} (You found it on level 5 of a ziggurat)
 78266 | Zig:6    | Identified the +4 battleaxe of Exoneration {chop, Str+2} (You found it on level 6 of a ziggurat)
 78408 | Zig:7    | Entered Level 7 of a ziggurat
 78438 | Zig:7    | Noticed Qafracuc the pandemonium lord
 78454 | Zig:7    | Killed Qafracuc the pandemonium lord
 78490 | Zig:7    | Identified the Papyrus of Air
 78517 | Zig:8    | Entered Level 8 of a ziggurat
 78548 | Zig:9    | Entered Level 9 of a ziggurat
 78549 | Zig:9    | Reached XP level 25. HP: 112/131 MP: 0/55
 78598 | Zig:10   | Entered Level 10 of a ziggurat
 78679 | Zig:10   | Received a gift from Sif Muna
 78679 | Zig:10   | Reached skill level 10 in Translocations
 78679 | Zig:10   | Reached XP level 26. HP: 122/136 MP: 44/55
 78686 | Zig:10   | Got a translucent platinum ring
 78687 | Zig:10   | Identified the ring "Ruypunuc" {+Blink +Fly rF+ Dex+2} (You found it on level 10 of a ziggurat)
 78723 | Zig:11   | Entered Level 11 of a ziggurat
 78757 | Zig:11   | Reached skill level 27 in Spellcasting
 78807 | Zig:11   | Identified the Catalogue of Arcane Weapons
 78816 | Zig:11   | Reached XP level 27. HP: 134/140 MP: 7/56
 79156 | Vaults:5 | Entered Level 5 of the Vaults
 79402 | Vaults:4 | Received a gift from Sif Muna
 79440 | Vaults:4 | Identified Sif Muna's Disquisition on Combat Magic (Sif Muna gifted it to you on level 4 of the Vaults)
 79487 | Vaults:4 | Reached skill level 15 in Dodging
 80035 | Vaults:5 | Got a wavering iron amulet
 80126 | Vaults:4 | Identified the amulet of the Harvest {Faith rElec rC+ Str-3} (You took it off a vault warden on level 5 of the Vaults)
 80539 | Depths:2 | Learned a level 6 spell: Dispersal
 80921 | Vaults:5 | Got a silver rune of Zot
 81067 | Vaults:5 | Got a pair of transparent boots
 81068 | Vaults:5 | Identified the cursed +0 pair of boots of Elyvilon's Castigation {rF+ Str+4} (You found it on level 5 of the Vaults)
 81185 | Vaults:5 | Received a gift from Sif Muna
 81186 | Vaults:5 | Identified Sif Muna's Handbook of Attacks (Sif Muna gifted it to you on level 5 of the Vaults)
 81196 | Vaults:5 | Noticed Boris
 81201 | Vaults:5 | Killed Boris
 81405 | Vaults:5 | Reached skill level 15 in Necromancy
 82116 | Vaults:5 | Got a twisted cloak
 82117 | Vaults:5 | Identified the +2 cloak of Amorality {Int+3} (You found it on level 5 of the Vaults)
 82667 | D:9      | Fell from the grace of Sif Muna
 82667 | D:9      | Became a worshipper of Zin the Law-Giver
 82667 | D:9      | Reached * piety under Zin
 82667 | D:9      | Reached ** piety under Zin
 83038 | D:9      | Donated 2510 gold pieces to Zin
 83083 | D:9      | Reached *** piety under Zin
 83219 | D:13     | Reached **** piety under Zin
 83291 | D:15     | Learned a level 6 spell: Bolt of Fire
 83306 | D:14     | Reached ***** piety under Zin
 83423 | Vaults:2 | Reached skill level 10 in Charms
 83472 | Vaults:3 | Learned a level 6 spell: Bolt of Cold
 83495 | Vaults:3 | Learned a level 7 spell: Delayed Fireball
 84216 | Vaults:1 | Learned a level 6 spell: Shadow Creatures
 85345 | Depths:3 | Voluntarily entered the Abyss.
 85369 | Abyss:1  | Found an oddly glowing altar of Pakellas.
 85575 | Abyss:1  | Found a corrupted altar of Lugonu.
 85576 | Abyss:1  | Found a viscous altar of Jiyva.
 85660 | Abyss:1  | Donated 1289 gold pieces to Zin
 85710 | Abyss:1  | Reached ****** piety under Zin
 85776 | Abyss:1  | Paralysed by accursed screaming for 1 turns
 86776 | Depths:3 | Escaped the Abyss
 86840 | Depths:3 | Voluntarily entered the Abyss.
 87357 | Depths:3 | Escaped the Abyss
 87367 | Depths:3 | Voluntarily entered the Abyss.
 87444 | Depths:3 | Escaped the Abyss
 87489 | Depths:3 | Voluntarily entered the Abyss.
 87598 | Abyss:2  | Found a corrupted altar of Lugonu.
 87683 | Abyss:2  | Found a corrupted altar of Lugonu.
 87697 | Abyss:2  | Found a corrupted altar of Lugonu.
 87985 | Abyss:2  | Found a burning altar of Makhleb.
 88120 | Abyss:2  | Got a polished trident
 88150 | Abyss:2  | Identified the +1 trident "Retifope" {drain, +Inv Dex+4} (You found it on level 2 of the Abyss)
 88545 | Abyss:4  | Got an abyssal rune of Zot
 88578 | Depths:3 | Escaped the Abyss
 88690 | Depths:5 | Entered Level 5 of the Depths
 88767 | Depths:5 | Reached skill level 5 in Summonings
 89604 | Depths:5 | Found a gate to the Realm of Zot.
 89653 | Depths:5 | Paralysed by a great orb of eyes for 3 turns
 90370 | Depths:5 | Identified a +3 rod of clouds (9/9) (You found it on level 5 of the Depths)
 90906 | Zot:1    | Entered Level 1 of the Realm of Zot
 91037 | Zot:1    | Lost mutation: You can translocate small distances at will. [the power of Zot]
 92189 | D:3      | Killed tstbtto's ghost
 92540 | D:3      | Found a bloodstained altar of Trog.
 93768 | Depths:5 | Voluntarily entered the Abyss.
 94165 | Depths:5 | Escaped the Abyss
 94462 | Depths:5 | Voluntarily entered the Abyss.
 94557 | Depths:5 | Escaped the Abyss
 94685 | Depths:5 | Voluntarily entered the Abyss.
 94743 | Depths:5 | Escaped the Abyss
 94752 | Depths:5 | Voluntarily entered the Abyss.
 94790 | Depths:5 | Escaped the Abyss
 94792 | Depths:5 | Voluntarily entered the Abyss.
 94805 | Abyss:1  | Got a smoking morningstar
 94806 | Abyss:1  | Identified the +6 morningstar of the Orcish Mines {flame, rF- Int+3 Dex+5 Stlth+} (You found it on level 1 of the Abyss)
 94967 | Depths:5 | Escaped the Abyss
 95154 | Depths:5 | Voluntarily entered the Abyss.
 95855 | Abyss:1  | Reached skill level 15 in Shields
 95998 | Depths:5 | Escaped the Abyss
 96311 | Depths:5 | Voluntarily entered the Abyss.
 96314 | Abyss:1  | Found a corrupted altar of Lugonu.
 96339 | Abyss:1  | Found a corrupted altar of Lugonu.
 96345 | Depths:5 | Escaped the Abyss
 96502 | Depths:5 | Voluntarily entered the Abyss.
 96549 | Depths:5 | Escaped the Abyss
 96551 | Depths:5 | Voluntarily entered the Abyss.
 96834 | Depths:5 | Escaped the Abyss
 96857 | Depths:5 | Voluntarily entered the Abyss.
 97066 | Depths:5 | Escaped the Abyss
 97114 | Depths:5 | Voluntarily entered the Abyss.
 97114 | Abyss:1  | Found a corrupted altar of Lugonu.
 97350 | Depths:5 | Escaped the Abyss
 97352 | Depths:5 | Voluntarily entered the Abyss.
 97636 | Depths:5 | Escaped the Abyss
 97751 | Depths:5 | Voluntarily entered the Abyss.
 97845 | Abyss:1  | Found a corrupted altar of Lugonu.
 97999 | Depths:5 | Escaped the Abyss
 98001 | Depths:5 | Voluntarily entered the Abyss.
 98144 | Depths:5 | Escaped the Abyss
 98146 | Depths:5 | Voluntarily entered the Abyss.
 98206 | Depths:5 | Escaped the Abyss
 98379 | Depths:5 | Voluntarily entered the Abyss.
 98389 | Depths:5 | Escaped the Abyss
 98391 | Depths:5 | Voluntarily entered the Abyss.
 98397 | Abyss:1  | Found a corrupted altar of Lugonu.
 98668 | Abyss:1  | Found a corrupted altar of Lugonu.
 98912 | Depths:5 | Escaped the Abyss
 99301 | Depths:5 | Voluntarily entered the Abyss.
 99438 | Abyss:1  | Found a corrupted altar of Lugonu.
 99537 | Depths:5 | Escaped the Abyss
 99557 | Depths:5 | Voluntarily entered the Abyss.
 99557 | Abyss:1  | Found a corrupted altar of Lugonu.
 99631 | Abyss:1  | Noticed an ancient lich
 99717 | Depths:5 | Escaped the Abyss
 99792 | Depths:5 | Voluntarily entered the Abyss.
 99841 | Abyss:1  | Got a blackened scimitar
 99842 | Abyss:1  | Identified the cursed +1 scimitar "Liorr" {venom, *Contam Int+5 Dex+3} (You found it on level 1 of the Abyss)
100050 | Abyss:1  | Paralysed by accursed screaming for 1 turns
100206 | Depths:5 | Escaped the Abyss
100455 | Depths:5 | Voluntarily entered the Abyss.
100458 | Abyss:1  | Found a basalt altar of Yredelemnul.
100671 | Abyss:2  | Found a corrupted altar of Lugonu.
100919 | Depths:5 | Escaped the Abyss
100924 | Depths:5 | Voluntarily entered the Abyss.
100995 | Depths:5 | Escaped the Abyss
100997 | Depths:5 | Voluntarily entered the Abyss.
101126 | Abyss:1  | Got a steaming dagger
101130 | Abyss:1  | Identified the cursed +0 dagger "Xobe" {freeze, +Blink} (You found it on level 1 of the Abyss)
101376 | Depths:5 | Escaped the Abyss
101514 | Depths:5 | Voluntarily entered the Abyss.
101706 | Depths:5 | Escaped the Abyss
101823 | Depths:5 | Voluntarily entered the Abyss.
102077 | Depths:5 | Escaped the Abyss
102149 | Depths:5 | Voluntarily entered the Abyss.
102462 | Depths:5 | Escaped the Abyss
102495 | Depths:5 | Voluntarily entered the Abyss.
102530 | Depths:5 | Escaped the Abyss
102532 | Depths:5 | Voluntarily entered the Abyss.
102614 | Abyss:1  | Found a corrupted altar of Lugonu.
103126 | Depths:5 | Escaped the Abyss
103128 | Depths:5 | Voluntarily entered the Abyss.
103128 | Abyss:1  | Found a corrupted altar of Lugonu.
103165 | Depths:5 | Escaped the Abyss
103167 | Depths:5 | Voluntarily entered the Abyss.
103177 | Abyss:1  | Found a corrupted altar of Lugonu.
103215 | Abyss:1  | Found a corrupted altar of Lugonu.
103372 | Abyss:1  | Found an oddly glowing altar of Pakellas.
103412 | Depths:5 | Escaped the Abyss
103513 | Depths:5 | Voluntarily entered the Abyss.
103607 | Depths:5 | Escaped the Abyss
103609 | Depths:5 | Voluntarily entered the Abyss.
104002 | Abyss:1  | Reached skill level 15 in Short Blades
104282 | Depths:5 | Escaped the Abyss
104284 | Depths:5 | Voluntarily entered the Abyss.
104324 | Depths:5 | Escaped the Abyss
104326 | Depths:5 | Voluntarily entered the Abyss.
104377 | Depths:5 | Escaped the Abyss
104437 | Depths:5 | Voluntarily entered the Abyss.
104454 | Abyss:1  | Found a corrupted altar of Lugonu.
104568 | Depths:5 | Escaped the Abyss
104707 | Depths:5 | Upgraded the game from 0.19-a0-465-g1d1674b to 0.19-a0-475-gfca3800
105580 | Tomb:1   | Entered Level 1 of the Tomb of the Ancients
105995 | D:13     | Learned a level 5 spell: Fireball
105998 | D:13     | Learned a level 2 spell: Swiftness
106002 | D:13     | Learned a level 2 spell: Searing Ray
106385 | Tomb:1   | Reached skill level 15 in Air Magic
106570 | Tomb:1   | Noticed a greater mummy
107046 | Tomb:1   | Killed a greater mummy
107208 | Tomb:1   | Was forgiven by Sif Muna
107821 | Lair:6   | Found a staircase to the Slime Pits.
107834 | Slime:1  | Entered Level 1 of the Pits of Slime
108537 | Slime:6  | Entered Level 6 of the Pits of Slime
108774 | Slime:6  | Noticed the Royal Jelly
108791 | Slime:6  | Found a viscous altar of Jiyva.
109419 | Slime:6  | Killed the Royal Jelly
110160 | Vaults:3 | Noticed a juggernaut
110160 | Vaults:3 | a shard shrike changed into a juggernaut
110161 | Vaults:3 | a juggernaut changed into a shard shrike
110599 | Slime:6  | Got a dull robe
110600 | Slime:6  | Identified the +1 robe of Life {MP-9 Int-4 Dex+4 SInv} (You found it on level 6 of the Pits of Slime)
110626 | Slime:6  | Got a polished falchion
110627 | Slime:6  | Identified the +10 falchion of the Wolf {slice, rC+} (You found it on level 6 of the Pits of Slime)
110651 | Slime:6  | Got a translucent iron amulet
110652 | Slime:6  | Identified the amulet of Ycwurr {RegenMP MR+ Int-2 Dex+2} (You found it on level 6 of the Pits of Slime)
110680 | Slime:6  | Learned a level 2 spell: Shroud of Golubria
110683 | Slime:6  | Got a faintly humming steam dragon armour
110684 | Slime:6  | Identified the +4 steam dragon armour of Agoraphobia {rPois} (You found it on level 6 of the Pits of Slime)
110698 | Slime:6  | Got a pair of twisted gloves
110699 | Slime:6  | Identified the cursed +0 pair of gloves of Fonufimm {MR- Str+8 SInv} (You found it on level 6 of the Pits of Slime)
110728 | Slime:6  | Got a slimy rune of Zot
110731 | Slime:6  | Identified a +5 rod of inaccuracy (12/12) (You found it on level 6 of the Pits of Slime)
115005 | Zot:1    | HP: 10/219 [storm dragon (27)]
116370 | Zot:3    | Noticed an orb of fire
116812 | Zot:4    | Got an opal-encrusted leather armour
116813 | Zot:4    | Identified the +3 leather armour of the Four of Swords {*Contam rCorr SInv} (You found it on level 4 of the Realm of Zot)
117167 | Zot:3    | Identified a scroll of acquirement
117217 | Zot:3    | Got a warped ring mail
117218 | Zot:3    | Identified the +4 ring mail of Valour {rC+ Int+3} (You acquired it on level 3 of the Realm of Zot)
118379 | Zot:3    | Reached skill level 5 in Fire Magic
118730 | Zot:3    | Killed an orb of fire
118938 | Zot:4    | Got a steaming dagger
118939 | Zot:4    | Identified the +6 dagger of Taxation {freeze, rPois rC+ Str+2 Dex+4} (You found it on level 4 of the Realm of Zot)
119133 | Zot:5    | Entered Level 5 of the Realm of Zot
119930 | Hell     | Entered the Vestibule of Hell
119930 | Hell     | Noticed Geryon
119933 | Hell     | Killed Geryon
120994 | Hell     | Found a gateway to the freezing wastes of Cocytus.
121375 | Hell     | Found a gateway to the ashen valley of Gehenna.
121427 | Hell     | Found a gateway to the decaying netherworld of Tartarus.
121524 | Hell     | Found a gateway to the Iron City of Dis.
121578 | Tar:1    | Entered Level 1 of Tartarus
122365 | Tomb:1   | Noticed a greater mummy
122375 | Tomb:1   | Killed a greater mummy
122747 | Tomb:1   | Noticed a greater mummy
122764 | Tomb:1   | Killed a greater mummy
122987 | Tomb:1   | Identified the Papyrus of Lucky Earth
123169 | Tomb:2   | Noticed a greater mummy
123169 | Tomb:2   | Noticed a greater mummy
123171 | Tomb:2   | Noticed a greater mummy
123171 | Tomb:2   | Noticed Jory
123172 | Tomb:2   | Noticed a greater mummy
123506 | Tomb:1   | Killed a greater mummy
124792 | Tomb:1   | Killed a greater mummy
124924 | Tomb:1   | Killed a greater mummy
125192 | Tomb:1   | Killed Jory
125619 | Tomb:2   | Killed a greater mummy
126404 | Tomb:1   | Noticed a greater mummy
126404 | Tomb:1   | Noticed a greater mummy
126404 | Tomb:1   | Noticed a greater mummy
126417 | Tomb:2   | Killed a greater mummy
126694 | Tomb:2   | Killed a greater mummy
126965 | Tomb:1   | Noticed a greater mummy
126978 | Tomb:2   | Killed a greater mummy
127170 | Tomb:1   | Noticed a greater mummy
127171 | Tomb:1   | Killed a greater mummy
127171 | Tomb:1   | Reached skill level 5 in Ice Magic
127701 | Tomb:1   | Noticed a greater mummy
127710 | Tomb:2   | Killed a greater mummy
127832 | Tomb:1   | Killed a greater mummy
127839 | Tomb:1   | Noticed a greater mummy
127848 | Tomb:1   | Killed a greater mummy
128083 | Tomb:1   | Noticed a greater mummy
128091 | Tomb:1   | Killed a greater mummy
128273 | Tomb:1   | Noticed a greater mummy
128278 | Tomb:1   | Noticed a greater mummy
128280 | Tomb:1   | Killed a greater mummy
128405 | Tomb:1   | Noticed a greater mummy
128414 | Tomb:1   | Killed a greater mummy
128422 | Tomb:1   | Noticed a greater mummy
128765 | Tomb:1   | Killed a greater mummy
128796 | Tomb:1   | Noticed a greater mummy
128806 | Tomb:1   | Killed a greater mummy
128806 | Tomb:1   | Reached skill level 15 in Invocations
128842 | Tomb:1   | Noticed a greater mummy
128861 | Tomb:1   | Killed a greater mummy
128879 | Tomb:1   | Noticed a greater mummy
128950 | Tomb:1   | Killed a greater mummy
129025 | Tomb:1   | Noticed a greater mummy
129043 | Tomb:1   | Killed a greater mummy
129299 | Tomb:1   | Noticed a greater mummy
129308 | Tomb:1   | Killed a greater mummy
129407 | Tomb:1   | Noticed a greater mummy
129413 | Tomb:1   | Killed a greater mummy
129458 | Tomb:1   | Killed a greater mummy
129880 | Tomb:3   | Entered Level 3 of the Tomb of the Ancients
130308 | Tomb:3   | Noticed a greater mummy
130310 | Tomb:3   | Noticed a greater mummy
130642 | Tomb:3   | Noticed a greater mummy
130643 | Tomb:3   | Noticed a greater mummy
130644 | Tomb:3   | Noticed an ancient lich
130896 | Tomb:3   | Noticed a greater mummy
131221 | Tomb:3   | Noticed a greater mummy
131432 | Tomb:3   | Noticed a greater mummy
131897 | Tomb:2   | Killed a greater mummy
132381 | Tomb:3   | Noticed an ancient lich
132387 | Tomb:2   | Killed a greater mummy
132552 | Tomb:2   | Killed a greater mummy
132746 | Tomb:2   | Killed an ancient lich
133472 | Tomb:2   | Killed a greater mummy
133794 | Tomb:2   | Killed a greater mummy
133941 | Tomb:2   | Killed an ancient lich
134339 | Tomb:2   | Killed a greater mummy
134434 | Tomb:2   | Killed a greater mummy
135038 | Tomb:3   | Got a coiled platinum amulet
135039 | Tomb:3   | Identified the amulet "Kana" {Regen+ Int-3 Dex+8 Stlth-} (You found it on level 3 of the Tomb of the Ancients)
135054 | Tomb:3   | Got a wavering wooden ring
135055 | Tomb:3   | Identified the ring of Qiev {+Inv rPois rF- rC++ rN+} (You found it on level 3 of the Tomb of the Ancients)
135126 | Tomb:3   | Got a heavily runed glass ring
135127 | Tomb:3   | Identified the ring of Hoad Dadd {*Corrode EV+3 Int+4} (You found it on level 3 of the Tomb of the Ancients)
135131 | Tomb:3   | Got a golden rune of Zot
135132 | Tomb:3   | Upgraded the game from 0.19-a0-475-gfca3800 to 0.19-a0-503-g45a6586
135304 | Tomb:3   | Identified the Disquisition on Air and Toxins
136135 | Zig:1    | Entered Level 1 of a ziggurat
136160 | Zig:2    | Entered Level 2 of a ziggurat
136175 | Zig:2    | Got a crude diamond amulet
136176 | Zig:2    | Identified the amulet "Voqit" {Dismiss +Blink Str-2 Dex+4} (You found it on level 2 of a ziggurat)
136187 | Zig:3    | Entered Level 3 of a ziggurat
136221 | Zig:3    | Got a pitted plate armour
136230 | Zig:4    | Entered Level 4 of a ziggurat
136324 | Zig:5    | Entered Level 5 of a ziggurat
136411 | Zig:6    | Entered Level 6 of a ziggurat
136449 | Zig:6    | Got a scorched copper ring
136450 | Zig:6    | Identified the ring of Wuvuwn {rC+ rN++} (You found it on level 6 of a ziggurat)
136454 | Zig:6    | Got a bound silver ring
136455 | Zig:6    | Identified the ring of Nicrodio {MR+ Slay+3 SInv} (You found it on level 6 of a ziggurat)
136530 | Zig:7    | Entered Level 7 of a ziggurat
136537 | Zig:7    | Noticed a juggernaut
136554 | Zig:7    | Killed a juggernaut
136658 | Zig:8    | Entered Level 8 of a ziggurat
136769 | Zig:9    | Entered Level 9 of a ziggurat
136778 | Zig:9    | Noticed an orb of fire
136799 | Zig:9    | Noticed an orb of fire
138230 | Temple   | Fell from the grace of Zin
138230 | Temple   | Became a worshipper of the Shining One
138230 | Temple   | Reached * piety under the Shining One
138230 | Temple   | Reached ** piety under the Shining One
138230 | Temple   | Reached *** piety under the Shining One
138231 | Temple   | Gained mutation: You are agile. (Dex +2) [potion of beneficial mutation]
138232 | Temple   | Gained mutation: You are somewhat resistant to further mutation. [potion of beneficial mutation]
138342 | D:9      | Fell from the grace of the Shining One
138342 | D:9      | Became a worshipper of Zin the Law-Giver
138343 | D:9      | Donated 3345 gold pieces to Zin
138583 | Pan      | Entered Pandemonium
138741 | Pan      | Found an exit through the horrors of the Abyss.
138818 | Pan      | Noticed Liogiareemp the pandemonium lord
138826 | Pan      | Took an exit into the Abyss.
138826 | Abyss:1  | Escaped into the Abyss
139708 | Depths:1 | Escaped the Abyss
139711 | Pan      | Entered the realm of Gloorx Vloq.
139711 | Pan      | Entered Pandemonium
139767 | Pan      | Found an exit through the horrors of the Abyss.
139816 | Pan      | Reached skill level 27 in Stealth
140094 | Pan      | Got a bloodstained hunting sling
140095 | Pan      | Identified the +8 hunting sling "Newtslayer" {velocity, *Corrode rC+ MR++} (You found it in Pandemonium)
140244 | Pan      | Noticed Gloorx Vloq
140247 | Pan      | Got a dark rune of Zot
140675 | Pan      | Found an exit through the horrors of the Abyss.
140690 | Pan      | Took an exit into the Abyss.
140690 | Abyss:1  | Escaped into the Abyss
140694 | Abyss:1  | Found a corrupted altar of Lugonu.
140737 | Depths:1 | Escaped the Abyss
140765 | Pan      | Entered Pandemonium
140810 | Pan      | Found an exit through the horrors of the Abyss.
141780 | Pan      | Zin protects you from harm!
141783 | Pan      | Got a demonic rune of Zot
142420 | Pan      | Noticed Gloorx Vloq
143172 | Pan      | Noticed Keug the pandemonium lord
143224 | Pan      | Found an exit through the horrors of the Abyss.
143819 | Pan      | Reached skill level 15 in Translocations
144791 | Pan      | Found an exit through the horrors of the Abyss.
144991 | Pan      | Noticed Taideg the pandemonium lord
145035 | Pan      | Took an exit into the Abyss.
145035 | Abyss:1  | Escaped into the Abyss
145119 | Abyss:1  | Got a dazzling dagger
145122 | Abyss:1  | Identified the +6 dagger "Vublefogh" {pierce, rPois Int+4} (You found it on level 1 of the Abyss)
145206 | Depths:1 | Escaped the Abyss
145233 | Pan      | Entered Pandemonium
145603 | Pan      | Noticed Gloorx Vloq
145904 | Pan      | Found an exit through the horrors of the Abyss.
145918 | Pan      | Took an exit into the Abyss.
145918 | Abyss:1  | Escaped into the Abyss
146736 | Depths:1 | Escaped the Abyss
146775 | Pan      | Entered Pandemonium
147174 | Pan      | Found an exit through the horrors of the Abyss.
149190 | Pan      | Entered the realm of Lom Lobon.
149248 | Pan      | Noticed Lom Lobon
149283 | Pan      | Upgraded the game from 0.19-a0-503-g45a6586 to 0.19-a0-517-gd6a9987
149320 | Pan      | Found an exit through the horrors of the Abyss.
149713 | Pan      | Reached skill level 10 in Fire Magic
151260 | Pan      | Got a magical rune of Zot
151937 | Pan      | Noticed Moubbal the pandemonium lord
151965 | Pan      | Killed Moubbal the pandemonium lord
152168 | Pan      | Found an exit through the horrors of the Abyss.
152677 | Pan      | Found an exit through the horrors of the Abyss.
152685 | Pan      | Took an exit into the Abyss.
152685 | Abyss:1  | Escaped into the Abyss
152898 | Depths:1 | Escaped the Abyss
152982 | Pan      | Entered Pandemonium
153505 | Pan      | Found an exit through the horrors of the Abyss.
153549 | Pan      | Noticed Bunisosa the pandemonium lord
153899 | Pan      | Found an exit through the horrors of the Abyss.
154259 | Pan      | Noticed Naheidol the pandemonium lord
154486 | Depths:1 | Escaped Pandemonium
154770 | Pan      | Entered Pandemonium
154806 | Pan      | Found an exit through the horrors of the Abyss.
154816 | Pan      | Got a pair of dazzling boots
154819 | Pan      | Took an exit into the Abyss.
154819 | Abyss:1  | Escaped into the Abyss
154820 | Abyss:1  | Identified the cursed +0 pair of boots of Summertime {rN+ Str+2} (You found it in Pandemonium)
155203 | Abyss:1  | Got an ancient silver ring
155217 | Abyss:1  | Identified the ring "Teuhec" {rPois Str+4 Dex+5} (You found it on level 1 of the Abyss)
155229 | Depths:1 | Escaped the Abyss
155231 | Pan      | Entered the realm of Mnoleg.
155231 | Pan      | Entered Pandemonium
155535 | Pan      | Found an exit through the horrors of the Abyss.
155669 | Pan      | Reached skill level 10 in Fighting
156463 | Pan      | Noticed Mnoleg
156642 | Pan      | Got a glowing rune of Zot
157308 | Pan      | Noticed Xonkuixy the pandemonium lord
157308 | Pan      | Entered the realm of Cerebov.
157364 | Pan      | Found an exit through the horrors of the Abyss.
157746 | Pan      | Noticed Mnoleg
158008 | Pan      | Got a shimmering falchion
158009 | Pan      | Identified the +9 falchion "Gaoleudgh" {speed, rC++} (You found it in Pandemonium)
158015 | Pan      | Identified the Collected Works on the Mutagenic Snowflakes
158033 | Pan      | Got a clouded brass ring
158034 | Pan      | Identified the ring "Plog" {Ice rElec MR+ Int+2} (You found it in Pandemonium)
158059 | Pan      | Got a dazzling leather armour
158060 | Pan      | Identified the +5 leather armour of Disguise {rPois} (You found it in Pandemonium)
158063 | Pan      | Identified Noxzoira's Almanac of Transformation and Evil
158114 | Pan      | Identified the Almanac of Creative Envenoming
158130 | Pan      | Noticed Cerebov
158141 | Pan      | Got a fiery rune of Zot
158349 | Pan      | Took an exit into the Abyss.
158349 | Abyss:1  | Escaped into the Abyss
158369 | Depths:1 | Escaped the Abyss
158502 | Dis:1    | Entered Level 1 of the Iron City of Dis
159926 | Dis:7    | Entered Level 7 of the Iron City of Dis
160014 | Dis:7    | Noticed the Serpent of Hell
160553 | Dis:7    | Noticed no0bjke's ghost (legendary MiFi)
162883 | Depths:3 | Voluntarily entered the Abyss.
163089 | Depths:3 | Escaped the Abyss
164061 | Zot:5    | Noticed an orb of fire
164502 | Zot:5    | Noticed an orb of fire
164916 | Zot:5    | Killed an orb of fire
164916 | Zot:5    | Reached skill level 10 in Summonings
164919 | Zot:5    | Noticed an ancient lich
165014 | Zot:4    | Killed an ancient lich
165103 | Zot:5    | Killed an orb of fire
165175 | Zot:5    | Noticed an ancient lich
165183 | Zot:5    | Killed an ancient lich
165450 | Zot:5    | Noticed an orb of fire
165474 | Zot:5    | Killed an orb of fire
165501 | Zot:4    | Donated 2752 gold pieces to Zin
165689 | Zot:5    | Noticed an orb of fire
165698 | Zot:5    | Killed an orb of fire
166293 | Zot:5    | Reached skill level 15 in Charms
166598 | Zot:5    | Noticed an ancient lich
166611 | Zot:5    | Killed an ancient lich
166655 | Zot:5    | Noticed an orb of fire
166665 | Zot:5    | Gained mutation: You tend to lose your temper in combat. [an orb of fire]
166682 | Zot:5    | Got the Orb of Zot
166723 | Zot:5    | Noticed an orb of fire
167275 | D:2      | Noticed Luemuuf the pandemonium lord
167338 | D:$      | Escaped with the Orb!

Vault maps used:
D:1:      dpeg_arrival_tiny_i, serial_forest, infiniplex_forest_clump_medium,
          infiniplex_forest_clump_long, infiniplex_forest_straight_2,
          infiniplex_forest_lined_2, infiniplex_forest_clump_tiny,
          infiniplex_forest_lined_corner
D:2:      nicolae_overflow_crystal_walls, st_stairs_4
D:3:      marbit_many_paths, first_bread, grunt_ministairs_3, uniq_robin
D:4:      kennysheep_little_box
D:5:      xom_butterflies, hangedman_ru_absence, kennysheep_mini_moat,
          minmay_temple_entry_hall, minmay_parallelograms
D:6:      gammafunk_temple_overflow_pools, nicolae_qazlal_eye_of_the_storm
D:7:      nemelex_xobeh_ov_fountains_minmay, dk_noncrumbling_2, the_bakery,
          item_on_display_a, uniq_joseph, uniq_prince_ribbit1
D:8:      serial_shops, shop
D:9:      zin_treasury, david_orc_3, serial_bayou_ford_a,
          minmay_misc_feat_more_columns, uniq_gastronok
D:10:     lair_0_dummy
D:11:     basic_altar, corexii_corridor_pit, nrook_mini_vaults
D:12:     forest_paths, basic_altar, hangedman_weighted_door,
          minmay_tree_intersection
D:13:     david_vaults_4, enter_bailey_8, special_room, nicolae_blasting_shop,
          uniq_maurice, uniq_urug
D:14:     grunt_dithmenos_shadows
D:15:     grunt_enter_depths_hoard, minivault_23, uniq_kirke
Temple:   circular_temple_12
Lair:2:   nicolae_quartered_pool_super, lemuel_fruit_fields, uniq_sonja
Lair:3:   minmay_shoals_entry_lonely_mermaid, guppyfry_lair_drakes, uniq_harold
Lair:4:   infiniplex_staircase_pool, serial_bayou_shore_a
Lair:5:   mu_elephants_graveyard, spider_nest_entry_rubble, serial_bayou_pond_d
Lair:6:   minmay_slime_entry_oklob_enclosed, grunt_megastairs_4,
          lemuel_fruit_fields
Lair:7:   kennysheep_abandoned_house, grunt_forest_large_clearings, uniq_maud
Lair:8:   grunt_lair_end_beastmaster
Shoals:1: serial_shops, bzr_entry_water, shop, shop, shop, shop
Shoals:2: nicolae_shoals_dead_sea_scrolls
Shoals:3: serial_shops, nicolae_shop_trees
Shoals:4: shoals_end_grunt_ice, shoals_ilsuiw_ice
Spider:1: hangedman_creepy_crawlies, spider_trap, uniq_louise
Spider:3: uniq_arachne, uniq_asterion, uniq_azrael
Spider:4: grunt_spider_rune_circles, spider_trap
Orc:1:    basic_altar
Orc:2:    grunt_orc_gardens, grunt_orc_garden, grunt_orc_garden,
          grunt_orc_garden, grunt_orc_garden, serial_shops, shop,
          portal_ice_cave_entry_pillars_1, nicolae_orc_lost_temple
Elf:1:    eino_elf_arrival_the_gate, minmay_elf_demonology, uniq_frances
Elf:2:    serial_shops, shop_fountains, minivault_19, amalloy_card_club
Elf:3:    minmay_elf_hall_four_x, st_stairs_7
Vaults:1: hangedman_vaults_hard_town_square, nicolae_vaults_disjoint_gnomons,
          ontoclasm_vaults_shuriken, grunt_vaults_hallway_short,
          grunt_vaults_focal, ontoclasm_vaults_ring_large,
          nicolae_vaults_ninety_degrees, hangedman_vaults_corner,
          nicolae_vaults_little_squares_2, v_misc_26, nicolae_vaults_alarming
Vaults:2: grunt_vaults_trifunnel, vaults_room_pools, hangedman_vaults_slice,
          v_misc_19, vaults_room_hallway, vaults_room_pools
Vaults:3: nicolae_vaults_an_arrangement, minmay_crypt_entry_necro_gods,
          nicolae_vaults_specimen_jars, ontoclasm_vaults_gateway,
          ontoclasm_vaults_twist, nicolae_vaults_three_branches,
          v_alt_pattern_3, nicolae_vaults_hallways_thing, v_rooms_2,
          stair_cage_open, nicolae_vaults_yaktaur_gun_rack, uniq_boris
Vaults:4: ontoclasm_vaults_pinch, hangedman_vaults_unwind, v_misc_25,
          nicolae_vaults_asterisk, v_misc_14, vaults_room_fancy_cross,
          hangedman_vaults_pinch, ontoclasm_vaults_ligature,
          vaults_standard_mumra_x, vaults_room_pool,
          nicolae_trove_entry_columns, basic_altar, uniq_saint_roka
Vaults:5: serial_shops, uniq_boris
Crypt:1:  minivault_27, st_stairs_9
Crypt:2:  uniq_donald, uniq_margery
Crypt:3:  cryptofortress_bobbens
Tomb:2:   uniq_jory
Depths:1: grunt_pan_entry_in_and_out, hell_entry, mu_enter_wizlab_6,
          minmay_misc_feat_nine_boxes, spider_trap, item_on_display_a
Depths:2: grunt_x_marks_the_spot, enter_ziggurat_a,
          kennysheep_decorative_pillar, hangedman_tar_grid_catacomb,
          minmay_staircase_bubble, basic_stair_grate_trap, uniq_jorgrun
Depths:3: minmay_fractal_lines_corner, grunt_pan_entry_sceptre,
          serial_sigils_hangedman_shear, hell_entry, serial_shops, shop,
          hangedman_abyss_entry_splay, grunt_ministairs_2,
          nemelex_diamond_rough_becter, infiniplex_staircase_hallway_doors
Depths:4: kennysheep_funnel, lightli_too_deep, abyss_entry,
          minmay_staircase_statues
Depths:5: evilmike_zot_entry_diamond, pan_entry, hell_entry,
          minmay_large_rounded_square, minmay_room_of_horrors
Dis:1:    nrook_loot_triangle
Dis:7:    dis_hangedman
Zot:1:    hangedman_spider_trapstep
Zot:2:    lemuel_baited_zot_trap
Zot:3:    kennysheep_six_static_rooms, nicolae_lava_and_water, lemuel_elevator
Zot:5:    basic_stair_grate_trap
Abyss:1:  evilmike_abyss_exit_1, due_exit_kobolds, hangedman_eye_storm,
          bh_abyss_exit_grid, evilmike_abyss_exit_smiterflies,
          hangedman_abyss_or_decor_slice, evilmike_abyss_exit_13, minivault_25,
          evilmike_abyss_exit_plants, lemuel_flamethrower_3, abyss_exit_lava,
          evilmike_abyss_exit_glass, bh_abyss_exit_spiral,
          evilmike_abyss_exit_smiterflies, guppyfry_abyss_exit_imp_island,
          evilmike_abyss_exit_11, evilmike_abyss_exit_4, evilmike_abyss_exit_8,
          evilmike_abyss_exit_11, evilmike_abyss_exit_1,
          hangedman_abyss_lost_library, evilmike_abyss_exit_vortex,
          hangedman_abyss_river_spirits, evilmike_abyss_exit_4,
          bh_abyss_exit_grid
Abyss:2:  evilmike_abyss_exit_plants, evilmike_abyss_exit_7, bh_abyss_negative
Abyss:3:  evilmike_abyss_rune_elephants_shrine
Abyss:4:  dshaligram_kb_abyss_rune_zappy_water_cross
Pan:      rand_demon_5, lemuel_draining_boxes, pan_blood_fountain_small,
          gloorx_vloq, rand_demon_8, rand_demon_9, lemuel_hellion_island,
          grunt_pan_spiral, evilmike_mini_pan_diamond, uniq_gloorx_vloq,
          evilmike_mini_pan_corridor, uniq_gloorx_vloq, nicolae_pan_glass_arcs,
          pan_blood_fountain, uniq_gloorx_vloq, nicolae_pan_mnolegish_1,
          evilmike_mini_pan_corridor, uniq_gloorx_vloq,
          evilmike_mini_pan_layers, rand_demon_2, uniq_gloorx_vloq,
          pan_blood_fountain_small, nicolae_pan_giant_door, rand_demon_6,
          evilmike_mini_pan_pillars, uniq_gloorx_vloq, rand_demon_6,
          evilmike_mini_pan_V, pan_blood_fountain_small, reaverb_pan_chaos_star,
          nicolae_pan_cerebovesque_1, evilmike_mini_pan_diamond,
          uniq_gloorx_vloq, rand_demon_5, pan_blood_fountain,
          evilmike_mini_pan_3x3, grunt_pan_spiral, pan_blood_fountain_small,
          nicolae_pan_gloorx_vloqian_1, lom_lobon_grunt,
          evilmike_mini_pan_rooms, uniq_lom_lobon, grunt_pan_frozen_over,
          evilmike_mini_pan_pillars, uniq_lom_lobon, rand_demon_8,
          nicolae_pan_hourglass, nicolae_pan_gloorx_vloqian_2,
          nicolae_pan_sick_transit, evilmike_mini_pan_pillars_b,
          pan_blood_fountain_small, grunt_pan_sceptre, mnoleg, rand_demon_2,
          grunt_pan_in_and_out, cerebov, uniq_mnoleg
Zig:6:    ziggurat_pillar_centre_c
Zig:7:    ziggurat_pillar_centre_dead_trees
Bazaar:   bazaar_minmay_cross
Trove:    trove_books_scrolls
Bailey:   bailey_polearm_gnolls_kennysheep, bailey
WizLab:   wizlab_zonguldrok

Skill      XL: |  1  2  3  4  5  6  7  8  9 10 11 12 13 14 15 16 17 18 19 20 21 22 23 24 25 26 27 |
---------------+----------------------------------------------------------------------------------+-----
Poison Magic   | 5 |  5.0
Stealth        | 3 4 5 6 7 8 9 10 12 13 14 15 16 17 27 | 27.0
Conjurations   | 1 2 3 4 6 7 8 9 10 11 13 14 15 18 21 26 | 26.5
Air Magic      | 1 2 3 5 6 7 8 9 10 11 12 13 20 | 20.0
Dodging        | 3 5 6 7 8 9 10 11 12 13 14 26 | 26.4
Spellcasting   | 4 5 8 10 11 13 15 16 17 19 20 21 22 23 25 26 27 | 27.0
Short Blades   | 1 2 3 4 5 6 13 18 | 18.0
Fighting       | 1 2 3 4 5 10 | 10.5
Shields        | 1 2 3 4 5 6 13 19 | 19.7
Hexes          | 2 3 4 5 |  5.0
Charms         | 2 3 4 5 6 7 8 9 15 | 15.1
Invocations    | 2 4 5 7 8 9 10 11 18 | 18.0
Necromancy     | 1 2 7 9 11 13 15 | 15.3
Translocations | 1 2 3 5 8 10 11 16 | 16.1
Evocations     | 1 3 |  3.4
Summonings     | 1 2 10 | 10.3
Ice Magic      | 1 2 7 |  7.2
Fire Magic     | 1 11 | 11.0
Long Blades    | |  0.5
Maces & Flails | |  0.2

Action                   |  1- 3 |  4- 6 |  7- 9 | 10-12 | 13-15 | 16-18 | 19-21 | 22-24 | 25-27 || total
-------------------------+-------+-------+-------+-------+-------+-------+-------+-------+-------++-------
Melee: Dagger            |    23 |    79 |   272 |   486 |   600 |   739 |   773 |   972 |  7382 || 11326
       Mace              |       |       |     8 |    15 |     2 |       |       |       |       ||    25
       Headbutt          |       |       |       |       |    20 |   176 |   239 |   332 |  3225 ||  3992
       Long sword        |       |       |       |       |       |    57 |   131 |    12 |   110 ||   310
       Rapier            |       |       |       |       |       |       |       |       |   460 ||   460
       Scimitar          |       |       |       |       |       |       |       |       |    78 ||    78
 Fire: Blowgun           |       |       |       |       |     4 |       |       |       |       ||     4
 Cast: Sting             |    75 |   110 |   132 |   119 |   191 |    13 |    71 |    19 |     1 ||   731
       Mephitic Cloud    |       |     6 |    38 |    78 |   119 |   126 |   128 |    76 |    84 ||   655
       Olgreb's Toxic Ra |       |       |     6 |    26 |     6 |       |       |       |       ||    38
       Dazzling Spray    |       |       |       |    25 |   208 |    30 |    37 |     1 |       ||   301
       Lightning Bolt    |       |       |       |     5 |     3 |       |     1 |       |       ||     9
       Iskenderun's Batt |       |       |       |     2 |   127 |    85 |   108 |    55 |   286 ||   663
       Cure Poison       |       |       |       |     2 |       |     3 |     4 |       |       ||     9
       Iskenderun's Myst |       |       |       |     1 |    19 |    62 |    59 |    38 |   173 ||   352
       Animate Skeleton  |       |       |       |       |    23 |   151 |   107 |   113 |    13 ||   407
       Deflect Missiles  |       |       |       |       |     4 |     2 |     5 |     6 |    15 ||    32
       Summon Lightning  |       |       |       |       |     1 |    18 |    53 |    21 |    42 ||   135
       Ozocubu's Armour  |       |       |       |       |     1 |    18 |    22 |    26 |    93 ||   160
       Force Lance       |       |       |       |       |       |    85 |   207 |    95 |   593 ||   980
       Bolt of Draining  |       |       |       |       |       |   131 |   103 |   132 |    84 ||   450
       Dispel Undead     |       |       |       |       |       |     1 |    91 |   105 |    14 ||   211
       Swiftness         |       |       |       |       |       |     1 |     4 |     2 |    13 ||    20
       Sticky Flame      |       |       |       |       |       |       |    33 |    41 |   186 ||   260
       Airstrike         |       |       |       |       |       |       |    68 |   104 |   476 ||   648
       Shock             |       |       |       |       |       |       |     7 |     1 |       ||     8
       Regeneration      |       |       |       |       |       |       |     1 |    25 |    23 ||    49
       Animate Dead      |       |       |       |       |       |       |       |    37 |    30 ||    67
       Control Undead    |       |       |       |       |       |       |       |     2 |     9 ||    11
       Spellforged Servi |       |       |       |       |       |       |       |     3 |    82 ||    85
       Fireball          |       |       |       |       |       |       |       |       |   160 ||   160
       Bolt of Fire      |       |       |       |       |       |       |       |       |   116 ||   116
       Bolt of Cold      |       |       |       |       |       |       |       |       |   111 ||   111
       Shroud of Golubri |       |       |       |       |       |       |       |       |    64 ||    64
       Apportation       |       |       |       |       |       |       |       |       |    35 ||    35
       Dispersal         |       |       |       |       |       |       |       |       |    23 ||    23
       Delayed Fireball  |       |       |       |       |       |       |       |       |    14 ||    14
       Searing Ray       |       |       |       |       |       |       |       |       |     7 ||     7
       Shadow Creatures  |       |       |       |       |       |       |       |       |     6 ||     6
Invok: Channel Energy    |       |       |       |       |   166 |   282 |   210 |   413 |   170 ||  1241
       Forget Spell      |       |       |       |       |       |       |     1 |       |     5 ||     6
       Recite            |       |       |       |       |       |       |       |       |   297 ||   297
       Vitalisation      |       |       |       |       |       |       |       |       |    60 ||    60
       Sanctuary         |       |       |       |       |       |       |       |       |     9 ||     9
       Imprison          |       |       |       |       |       |       |       |       |     4 ||     4
       Donate Gold       |       |       |       |       |       |       |       |       |     4 ||     4
 Abil: Evoke Flight      |       |       |       |       |       |     9 |     2 |     2 |     2 ||    15
       Evoke Blink       |       |       |       |       |       |       |       |     1 |     1 ||     2
       Release Delayed F |       |       |       |       |       |       |       |       |    12 ||    12
       Blink             |       |       |       |       |       |       |       |       |     2 ||     2
Evoke: Wand              |       |       |     4 |       |     2 |     4 |     6 |    11 |    22 ||    49
       Phial of floods   |       |       |       |       |     3 |       |       |     1 |     1 ||     5
       Lamp of fire      |       |       |       |       |     1 |     1 |     1 |     4 |     4 ||    11
       Rod               |       |       |       |       |       |     1 |     1 |       |       ||     2
       Fan of gales      |       |       |       |       |       |       |       |     2 |     2 ||     4
       Phantom mirror    |       |       |       |       |       |       |       |     1 |       ||     1
       Sack of spiders   |       |       |       |       |       |       |       |       |     1 ||     1
       Figurine of a zig |       |       |       |       |       |       |       |       |     1 ||     1
  Use: Scroll            |     1 |     4 |     7 |    10 |    25 |    18 |     5 |    22 |    87 ||   179
       Potion            |       |       |     5 |     2 |     7 |     7 |     2 |     6 |    32 ||    61
 Stab: Sleeping          |     7 |    10 |     6 |    19 |    45 |    76 |    41 |    60 |   135 ||   399
       Confused          |       |     1 |    11 |    42 |    64 |    69 |    91 |    58 |   155 ||   491
       Distracted        |       |       |       |     1 |     4 |    10 |    16 |    24 |   217 ||   272
       Invisible         |       |       |       |     6 |    36 |     2 |     4 |       |    12 ||    60
       Held in net/web   |       |       |       |       |       |       |     2 |       |       ||     2
       Paralysed         |       |       |       |       |       |       |       |       |     4 ||     4
  Eat: Chunk             |     4 |     9 |    17 |    25 |    63 |   117 |   135 |   117 |    53 ||   540
       Beef jerky        |       |       |       |     2 |       |       |       |       |     6 ||     8
       Pizza             |       |       |       |     1 |       |     3 |     1 |       |     6 ||    11
       Royal jelly       |       |       |       |     1 |       |       |       |     3 |     6 ||    10
       Fruit             |       |       |       |     1 |     2 |       |       |       |    27 ||    30
       Bread ration      |       |       |       |       |     1 |       |     2 |     4 |    28 ||    35
       Meat ration       |       |       |       |       |       |     1 |       |     2 |    15 ||    18
Armor: Robe              |     5 |    18 |    39 |    72 |    71 |   115 |   225 |   114 |   393 ||  1052
       Leather armour    |       |       |       |       |       |       |       |     6 |   379 ||   385
       Steam dragon armo |       |       |       |       |       |       |       |       |     3 ||     3
Dodge: Dodged            |    33 |    51 |   147 |   236 |   407 |   426 |   850 |   682 |  4465 ||  7297
       Deflected         |       |       |       |       |    20 |    34 |    31 |    41 |   178 ||   304
Block: Other             |       |       |    36 |     4 |       |       |       |       |       ||    40
       Buckler           |       |       |       |   145 |   255 |   417 |   559 |   615 |  1896 ||  3887
       Reflection        |       |       |       |     1 |    27 |    45 |    16 |    42 |    91 ||   222
       Large shield      |       |       |       |       |       |       |       |       |  3130 ||  3130
       Shield            |       |       |       |       |       |       |       |       |   188 ||   188
